Workbook

Sheet Recepcionista 40h
A1: PLANILHA DE CUSTOS E FORMAÇÃO DE PREÇOS DE SERVIÇOS CONTINUADOS COM DEDICAÇÃO EXCLUSIVA DE MÃO DE OBRA
A2: PROCESSO: | C2: 16150/26 | E2: REGIME DE TRIBUTAÇÃO: LUCRO PRESUMIDO
A3: LICITAÇÃO/EDITAL | C3: PE/59/2026 | E3: ABERTURA: | F3: 46314
A5: Cargo/Função: | D5: Recepcionista (4221) | G5: =IF(D6="12x36","Regime de trabalho:","Quantidade de HORAS/MÊS") -> Quantidade de HORAS/MÊS | I5: =IF(D6="12x36",D6,5*D6) -> 200
A6: =IF(D6="12x36","Regime de trabalho:","Regime de trabalho (horas semanais):") -> Regime de trabalho (horas semanais): | D6: 40
A7: Convenção Coletiva de Trabalho: | D7: RS000041/2026 | G7: INSALUBRIDADE (10%, 20%, 40%) | I7: 0.2
A8: Origem do salário: | D8: CONVENÇÃO COLETIVA DE TRABALHO RS000041/2026
A9: Cidade: | D9: Nova Santa Rita | G9: PERICULOSIDADE (30%) | I9: Não aplicável
A10: Salário Normativo | G10: Vlr. do salário e nº de horas correspondentes | H10: 220 | I10: 1996.44
A11: ISS | G11: =D9 -> Nova Santa Rita | H11: Alíquota | I11: 0.02
A12: Tarifa Transporte | G12: CCT | H12: Vr. Unitário | I12: 8
H13: Dias | I13: 22
H14: Desconto | I14: 0.06
A15: Auxílio Alimentação - CLÁUSULA 20ª DA CCT. | G15: CCT | H15: Vr. Unitário | I15: 27.15
H16: Dias | I16: 22
H17: Desconto | I17: 0.19
A18: Auxílio Lanche - CLÁUSULA 21ª DA CCT. | G18: CCT | H18: Vr. Unitário | I18: 13.57
H19: Dias | I19: 0
H20: Desconto | I20: 0.19
A21: PLANO DE BENEFÍCIO SOCIAL FAMILIAR CLÁUSULA 31ª DA CCT. | G21: CCT | H21: Valor mensal | I21: 25.52
A22: PRÊMIO ASSIDUIDADE CLÁUSULA 19ª DA CCT. | G22: CCT | H22: Valor mensal | I22: 80
A23: Adicional de Supervisor (37%) | H23: Porcentagem | I23: Não aplicável
A24: Base de cálculo da insalubridade | H24: Valor | I24: =I32 -> 1814.9455
A25: Quantitativo de horas trabalhadas em feriados no mês (estimado) - Não aplicável para postos 12x36 | H25: Horas por mês | I25: Não aplicável
H26: Acréscimo da hora extra | I26: Não aplicável
A27: Hora Intervalar (somente para postos 12x36, quando for o caso) | H27: Horas por mês | I27: Não aplicável
A28: Sem fornecimento de materiais ou apenas fornecimento de EPIs ou uniformes, utilizar 10%. Com fornecimento de materiais ou equipamentos, utilizar 20%. (Decreto 52.768/2015, alterado pelo Decreto 53.424/2017) | H28: Porcentagem | I28: 0.2
A30: MONTANTE A
A31: I | B31: Remuneração - Grupo I | H31: % | I31: Valor Mensal/unidade de serviço (R$)
A32: 1 | B32: Salário | H32: =I32/$I$41 -> 0.83333333 | I32: =IF(D6="12x36",I10,I10/H10*I5) -> 1814.9455
A33: =A32+1 -> 2 | B33: Adicional Periculosidade 30% (Ver súmulas 364, 132 e 191 do TST) | H33: =I33/$I$41 -> 0 | I33: =IF(I9=30%,I32*I9,0) -> 0
A34: =A33+1 -> 3 | B34: Adicional Insalubridade 10% (Ver súmula 228 e 139 TST) | H34: =I34/$I$41 -> 0 | I34: =IF(I7=10%,I24*I7,0) -> 0
A35: =A34+1 -> 4 | B35: Adicional Insalubridade 20% (Ver súmula 228 e 139 TST) | H35: =I35/$I$41 -> 0.16666667 | I35: =IF(I7=20%,I24*I7,0) -> 362.98909
A36: =A35+1 -> 5 | B36: Adicional Insalubridade 40% (Ver súmula 228 e 139 TST) | H36: =I36/$I$41 -> 0 | I36: =IF(I7=40%,I24*I7,0) -> 0
A37: =A36+1 -> 6 | B37: Adicional de Supervisor (IN 05/2017 MPOG SLTI) | H37: =I37/$I$41 -> 0 | I37: =IF(I23="Não aplicável",0,I32*I23) -> 0
A38: =A37+1 -> 7 | B38: Feriados | H38: =I38/$I$41 -> 0 | I38: =IF(I25="Não aplicável",0,(I32+I33+I34+I35+I36+I37+I40)/I5*I25*(1+I26)) -> 0
A39: =A38+1 -> 8 | B39: DSR = número total das horas extras do mês / número de dias úteis X domingos e feriados do mês X valor da hora extra com acréscimo | H39: =I39/$I$41 -> 0 | I39: =IF(I25="Não aplicável",0,I25/I13*5*(I10/H10*(1+I26))) -> 0
A40: =A39+1 -> 9 | B40: =IF(D6="12x36","Para postos 12x36 os feriados são considerados compensados, conforme parágrafo único, Art. 59-A da CLT","Outros") -> Outros | H40: =I40/$I$41 -> 0 | I40: 0
A41: Total de Remuneração | H41: =SUM(H32:H40) -> 1 | I41: =SUM(I32:I40) -> 2177.9345
A43: II | B43: Encargos Sociais - Grupo II: Obrigações Sociais | H43: % | I43: Valor Mensal/unidade de serviço (R$)
A44: 1 | B44: INSS (art. 22, inc. I, Lei nº 8.212/91) | H44: 0.2 | I44: =$I$41*H44 -> 435.58691
A45: 2 | B45: SESI ou SESC (art. 30, Lei nº 8.036/90) | H45: 0.015 | I45: =$I$41*H45 -> 32.669018
A46: 3 | B46: SENAI ou SENAC (Decreto-Lei nº 2.318/86) | H46: 0.01 | I46: =$I$41*H46 -> 21.779345
A47: 4 | B47: INCRA (art. 15I, Lei Complementar nº 011/71) | H47: 0.002 | I47: =$I$41*H47 -> 4.3558691
A48: 5 | B48: SALÁRIO EDUCAÇÃO (art. , inc. I, Decreto nº 87.043/82) | H48: 0.025 | I48: =$I$41*H48 -> 54.448364
A49: 6 | B49: FGTS (art. 15, Lei nº 8.036/90) | H49: 0.08 | I49: =$I$41*H49 -> 174.23476
A50: 7 | B50: SEG. ACIDENTE DO TRABALHO 1%, 2% e 3% (art. 22, inc. II, alíneas "b" e "c", da Lei nº 8.212/91) | H50: 0.03 | I50: =$I$41*H50 -> 65.338036
A51: 8 | B51: SEBRAE (§ 3º, art. 8º, Lei nº 8.029/90) | H51: 0.006 | I51: =$I$41*H51 -> 13.067607
A52: Total do Grupo II | H52: =SUM(H44:H51) -> 0.368 | I52: =SUM(I44:I51) -> 801.47991
A53: Os percentuais para o SAT podem variar de 0,50% a 6,00% em função do Fator de Acidente Previdenciário (FAP), Decreto nº 6.957/2009
A54: Deverá obrigatoriamente acompanhar a proposta de preços e a planilha de custos e formação de preços a prova do Fator Acidentário de Prevenção – FAP por meio de impressão de consulta ao site do Ministério da Previdência Social (que pode ser obtido no endereço eletrônico http://www2.dataprev.gov.br/fap/fap.htm), independentemente de alteração da alíquota da parcela do Seguro Acidente de Trabalho disposta no Quadro II da referida planilha.
A55: III | B55: Encargos Sociais - Grupo III: Tempo Não Trabalhado | H55: % | I55: Valor Mensal/unidade de serviço (R$)
A56: 1.a | B56: FÉRIAS GOZADAS + ADICIONAL DE FÉRIAS | H56: 0.111111 | I56: =$I$41*H56 -> 241.99249
A57: 1.b | B57: SUBSTITUTO NA COBERTURA DE FÉRIAS | H57: 0.009259 | I57: =$I$41*H57 -> 20.165496
A58: 2 | B58: FALTAS ABONADAS (3) | H58: 0.000356 | I58: =$I$41*H58 -> 0.7753447
A59: 3 | B59: FALTAS LEGAIS (4) | H59: 0.000356 | I59: =$I$41*H59 -> 0.7753447
A60: 4 | B60: LICENÇA MATERNIDADE | H60: 0.000389 | I60: =$I$41*H60 -> 0.84721654
A61: 5 | B61: LICENÇA PATERNIDADE | H61: 0.000194 | I61: =$I$41*H61 -> 0.4225193
A62: 6 | B62: ACIDENTE DE TRABALHO | H62: 0.000325 | I62: =$I$41*H62 -> 0.70782873
A63: 7 | B63: AVISO PRÉVIO TRABALHADO | H63: 0.000185 | I63: =$I$41*H63 -> 0.40291789
A64: 8 | B64: 13º SALÁRIO | H64: 0.083333 | I64: =$I$41*H64 -> 181.49382
A65: Total do Grupo III | H65: =SUM(H56:H64) -> 0.205508 | I65: =SUM(I56:I64) -> 447.58297
A66: (3) | B66: Faltas Justificadas por Auxílio Doença
A67: (4) | B67: Faltas Legais - Art. 473 CLT
A68: IV | B68: Encargos Sociais - Grupo IV: Indenizações | H68: % | I68: Valor Mensal/unidade de serviço (R$)
A69: 1 | B69: INDENIZAÇÕES | H69: 0.023627 | I69: =$I$41*H69 -> 51.45806
A70: 2 | B70: FGTS SOBRE INDENIZAÇÕES | H70: 0.001717 | I70: =$I$41*H70 -> 3.7395136
A71: 3 | B71: INDENIZAÇÃO COMPENSATÓRIA POR DEMISSÃO SEM JUSTA CAUSA | H71: 0.009451 | I71: =$I$41*H71 -> 20.583659
A72: Total do Grupo IV | H72: =SUM(H69:H71) -> 0.034795 | I72: =SUM(I69:I71) -> 75.781233
A74: V | B74: Encargos Sociais - Grupo V: Incidências | H74: % | I74: Valor Mensal/unidade de serviço (R$)
A75: 1 | B75: INCIDÊNCIA GRUPO II (Obrigações Sociais) X GRUPO III (Tempo Não Trabalhado) | H75: =(H52*H65) -> 0.075626944 | I75: =$I$41*H75 -> 164.71053
A76: Total do Grupo V | H76: =SUM(H75:H75) -> 0.075626944 | I76: =I75 -> 164.71053
A78: TOTAL DOS ENCAGOS SOCIAIS (II + III + IV + V) | H78: =H52+H65+H72+H76 -> 0.68392994 | I78: =I52+I65+I72+I76 -> 1489.5547
A80: VI | B80: Demais custos relativos à Norma Coletiva ou Disposições Legais - Grupo VI | H80: % | I80: Valor Mensal/unidade de serviço (R$)
A81: 1 | B81: Auxílio Alimentação | H81: =I81/$I$41 -> 0.22214304 | I81: =I98 -> 483.813
A82: 2 | B82: Auxílio Lanche | H82: =I82/$I$41 -> 0 | I82: =I94 -> 0
A83: 3 | B83: Vale-Transporte⁽⁵⁾ | H83: =I83/$I$41 -> 0.11162102 | I83: =I90 -> 243.10327
A84: 4 | B84: Adicional Intervalar | H84: =I84/$I$41 -> 0 | I84: =IF(I27="Não aplicável",0,((I10/H10)*1.5*I27)) -> 0
A85: 5 | B85: Outros | H85: =I85/$I$41 -> 0.048449574 | I85: =IF(I21="Não aplicável",0,I21)+IF(I22="Não aplicável",0,I22) -> 105.52
A86: Total do Grupo VI | H86: =SUM(H81:H85) -> 0.38221363 | I86: =SUM(I81:I85) -> 832.43627
A87: (5) | B87: O valor do vale-transporte pode variar de acordo com o modal fornecido pelo empregador.
A88: MEMÓRIA DE CÁLCULO DO VALE TRANSPORTE
A89: Valor Unitário | C89: Dias de Trabalho | D89: Vale p/dia | E89: Custo total | F89: Base de cálculo | G89: Percentual de desconto | H89: Valor desconto | I89: Custo efetivo
A90: =I12 -> 8 | C90: =I13 -> 22 | D90: 2 | E90: =A90*C90*D90 -> 352 | F90: =I32 -> 1814.9455 | G90: =I14 -> 0.06 | H90: =F90*G90 -> 108.89673 | I90: =IF((E90-H90)>0,E90-H90,0) -> 243.10327
A92: MEMÓRIA DE CÁLCULO DO VALE LANCHE
A93: Valor Unitário | C93: Dias por mês | D93: Vale p/dia | E93: Custo total | F93: Base de cálculo | G93: Percentual de desconto | H93: Valor desconto | I93: Custo efetivo
A94: =I18 -> 13.57 | C94: =I19 -> 0 | D94: 1 | E94: =A94*C94*D94 -> 0 | F94: =E94 -> 0 | G94: =I20 -> 0.19 | H94: =F94*G94 -> 0 | I94: =E94-H94 -> 0
A96: MEMÓRIA DE CÁLCULO DO VALE ALIMENTAÇÃO
A97: Valor Unitário | C97: Dias por mês | D97: Vale p/dia | E97: Custo total | F97: Base de cálculo | G97: Percentual de desconto | H97: =H89 -> Valor desconto | I97: Custo efetivo
A98: =I15 -> 27.15 | C98: =I16 -> 22 | D98: 1 | E98: =A98*C98*D98 -> 597.3 | F98: =E98 -> 597.3 | G98: =I17 -> 0.19 | H98: =F98*G98 -> 113.487 | I98: =E98-H98 -> 483.813
A100: TOTAL DO MONTANTE A (I + II + III+ IV + V +VI) | H100: =H41+H78+H86 -> 2.0661436 | I100: =I41+I78+I86 -> 4499.9255
A102: MONTANTE B
A103: I | B103: Despesas Diretas | H103: % | I103: Valor Mensal/unidade de serviço (R$)
A104: 1 | B104: Transporte (6) | H104: =I104/$I$115 -> 0
A105: 2 | B105: Uniformes | H105: =I105/$I$115 -> 0.00024666287 | I105: 1.05
A106: 3 | B106: Seguro de vida | H106: =I106/$I$115 -> 0.0056732461 | I106: 24.15
A107: 4 | B107: Equipamentos/EPI (6a) | H107: =I107/$I$115 -> 0.00030539213 | I107: 1.3
A108: 5 | B108: Mobilização (7) | H108: =I108/$I$115 -> 0.0025840873 | I108: 11
A109: 6 | B109: Outros (especificar) | H109: =I109/$I$115 -> 0
A110: Total de Despesas Diretas | H110: =H104+H105+H106+H107+H108+H109 -> 0.0088093884 | I110: =IF(SUM(I104:I109)<G113,SUM(I104:I109),"Excede Limite") -> 37.5
...

Sheet Recepcionista 40h sem insalubr
A1: PLANILHA DE CUSTOS E FORMAÇÃO DE PREÇOS DE SERVIÇOS CONTINUADOS COM DEDICAÇÃO EXCLUSIVA DE MÃO DE OBRA
A2: PROCESSO: | C2: 16150/26 | E2: REGIME DE TRIBUTAÇÃO: LUCRO PRESUMIDO
A3: LICITAÇÃO/EDITAL | C3: PE/59/2026 | E3: ABERTURA: | F3: 46314
A5: Cargo/Função: | D5: Recepcionista (4221) | G5: =IF(D6="12x36","Regime de trabalho:","Quantidade de HORAS/MÊS") -> Quantidade de HORAS/MÊS | I5: =IF(D6="12x36",D6,5*D6) -> 200
A6: =IF(D6="12x36","Regime de trabalho:","Regime de trabalho (horas semanais):") -> Regime de trabalho (horas semanais): | D6: 40
A7: Convenção Coletiva de Trabalho: | D7: RS000041/2026 | G7: INSALUBRIDADE (10%, 20%, 40%) | I7: 0
A8: Origem do salário: | D8: CONVENÇÃO COLETIVA DE TRABALHO RS000041/2026
A9: Cidade: | D9: Nova Santa Rita | G9: PERICULOSIDADE (30%) | I9: Não aplicável
A10: Salário Normativo | G10: Vlr. do salário e nº de horas correspondentes | H10: 220 | I10: 1996.44
A11: ISS | G11: =D9 -> Nova Santa Rita | H11: Alíquota | I11: 0.02
A12: Tarifa Transporte | G12: CCT | H12: Vr. Unitário | I12: 8
H13: Dias | I13: 22
H14: Desconto | I14: 0.06
A15: Auxílio Alimentação - CLÁUSULA 20ª DA CCT. | G15: CCT | H15: Vr. Unitário | I15: 27.15
H16: Dias | I16: 22
H17: Desconto | I17: 0.19
A18: Auxílio Lanche - CLÁUSULA 21ª DA CCT. | G18: CCT | H18: Vr. Unitário | I18: 13.57
H19: Dias | I19: 0
H20: Desconto | I20: 0.19
A21: PLANO DE BENEFÍCIO SOCIAL FAMILIAR CLÁUSULA 31ª DA CCT. | G21: CCT | H21: Valor mensal | I21: 25.52
A22: PRÊMIO ASSIDUIDADE CLÁUSULA 19ª DA CCT. | G22: CCT | H22: Valor mensal | I22: 80
A23: Adicional de Supervisor (37%) | H23: Porcentagem | I23: Não aplicável
A24: Base de cálculo da insalubridade | H24: Valor | I24: =I32 -> 1814.9455
A25: Quantitativo de horas trabalhadas em feriados no mês (estimado) - Não aplicável para postos 12x36 | H25: Horas por mês | I25: Não aplicável
H26: Acréscimo da hora extra | I26: Não aplicável
A27: Hora Intervalar (somente para postos 12x36, quando for o caso) | H27: Horas por mês | I27: Não aplicável
A28: Sem fornecimento de materiais ou apenas fornecimento de EPIs ou uniformes, utilizar 10%. Com fornecimento de materiais ou equipamentos, utilizar 20%. (Decreto 52.768/2015, alterado pelo Decreto 53.424/2017) | H28: Porcentagem | I28: 0.2
A30: MONTANTE A
A31: I | B31: Remuneração - Grupo I | H31: % | I31: Valor Mensal/unidade de serviço (R$)
A32: 1 | B32: Salário | H32: =I32/$I$41 -> 1 | I32: =IF(D6="12x36",I10,I10/H10*I5) -> 1814.9455
A33: =A32+1 -> 2 | B33: Adicional Periculosidade 30% (Ver súmulas 364, 132 e 191 do TST) | H33: =I33/$I$41 -> 0 | I33: =IF(I9=30%,I32*I9,0) -> 0
A34: =A33+1 -> 3 | B34: Adicional Insalubridade 10% (Ver súmula 228 e 139 TST) | H34: =I34/$I$41 -> 0 | I34: =IF(I7=10%,I24*I7,0) -> 0
A35: =A34+1 -> 4 | B35: Adicional Insalubridade 20% (Ver súmula 228 e 139 TST) | H35: =I35/$I$41 -> 0 | I35: =IF(I7=20%,I24*I7,0) -> 0
A36: =A35+1 -> 5 | B36: Adicional Insalubridade 40% (Ver súmula 228 e 139 TST) | H36: =I36/$I$41 -> 0 | I36: =IF(I7=40%,I24*I7,0) -> 0
A37: =A36+1 -> 6 | B37: Adicional de Supervisor (IN 05/2017 MPOG SLTI) | H37: =I37/$I$41 -> 0 | I37: =IF(I23="Não aplicável",0,I32*I23) -> 0
A38: =A37+1 -> 7 | B38: Feriados | H38: =I38/$I$41 -> 0 | I38: =IF(I25="Não aplicável",0,(I32+I33+I34+I35+I36+I37+I40)/I5*I25*(1+I26)) -> 0
A39: =A38+1 -> 8 | B39: DSR = número total das horas extras do mês / número de dias úteis X domingos e feriados do mês X valor da hora extra com acréscimo | H39: =I39/$I$41 -> 0 | I39: =IF(I25="Não aplicável",0,I25/I13*5*(I10/H10*(1+I26))) -> 0
A40: =A39+1 -> 9 | B40: =IF(D6="12x36","Para postos 12x36 os feriados são considerados compensados, conforme parágrafo único, Art. 59-A da CLT","Outros") -> Outros | H40: =I40/$I$41 -> 0 | I40: 0
A41: Total de Remuneração | H41: =SUM(H32:H40) -> 1 | I41: =SUM(I32:I40) -> 1814.9455
A43: II | B43: Encargos Sociais - Grupo II: Obrigações Sociais | H43: % | I43: Valor Mensal/unidade de serviço (R$)
A44: 1 | B44: INSS (art. 22, inc. I, Lei nº 8.212/91) | H44: 0.2 | I44: =$I$41*H44 -> 362.98909
A45: 2 | B45: SESI ou SESC (art. 30, Lei nº 8.036/90) | H45: 0.015 | I45: =$I$41*H45 -> 27.224182
A46: 3 | B46: SENAI ou SENAC (Decreto-Lei nº 2.318/86) | H46: 0.01 | I46: =$I$41*H46 -> 18.149455
A47: 4 | B47: INCRA (art. 15I, Lei Complementar nº 011/71) | H47: 0.002 | I47: =$I$41*H47 -> 3.6298909
A48: 5 | B48: SALÁRIO EDUCAÇÃO (art. , inc. I, Decreto nº 87.043/82) | H48: 0.025 | I48: =$I$41*H48 -> 45.373636
A49: 6 | B49: FGTS (art. 15, Lei nº 8.036/90) | H49: 0.08 | I49: =$I$41*H49 -> 145.19564
A50: 7 | B50: SEG. ACIDENTE DO TRABALHO 1%, 2% e 3% (art. 22, inc. II, alíneas "b" e "c", da Lei nº 8.212/91) | H50: 0.03 | I50: =$I$41*H50 -> 54.448364
A51: 8 | B51: SEBRAE (§ 3º, art. 8º, Lei nº 8.029/90) | H51: 0.006 | I51: =$I$41*H51 -> 10.889673
A52: Total do Grupo II | H52: =SUM(H44:H51) -> 0.368 | I52: =SUM(I44:I51) -> 667.89993
A53: Os percentuais para o SAT podem variar de 0,50% a 6,00% em função do Fator de Acidente Previdenciário (FAP), Decreto nº 6.957/2009
A54: Deverá obrigatoriamente acompanhar a proposta de preços e a planilha de custos e formação de preços a prova do Fator Acidentário de Prevenção – FAP por meio de impressão de consulta ao site do Ministério da Previdência Social (que pode ser obtido no endereço eletrônico http://www2.dataprev.gov.br/fap/fap.htm), independentemente de alteração da alíquota da parcela do Seguro Acidente de Trabalho disposta no Quadro II da referida planilha.
A55: III | B55: Encargos Sociais - Grupo III: Tempo Não Trabalhado | H55: % | I55: Valor Mensal/unidade de serviço (R$)
A56: 1.a | B56: FÉRIAS GOZADAS + ADICIONAL DE FÉRIAS | H56: 0.111111 | I56: =$I$41*H56 -> 201.6604
A57: 1.b | B57: SUBSTITUTO NA COBERTURA DE FÉRIAS | H57: 0.009259 | I57: =$I$41*H57 -> 16.80458
A58: 2 | B58: FALTAS ABONADAS (3) | H58: 0.000356 | I58: =$I$41*H58 -> 0.64612058
A59: 3 | B59: FALTAS LEGAIS (4) | H59: 0.000356 | I59: =$I$41*H59 -> 0.64612058
A60: 4 | B60: LICENÇA MATERNIDADE | H60: 0.000389 | I60: =$I$41*H60 -> 0.70601378
A61: 5 | B61: LICENÇA PATERNIDADE | H61: 0.000194 | I61: =$I$41*H61 -> 0.35209942
A62: 6 | B62: ACIDENTE DE TRABALHO | H62: 0.000325 | I62: =$I$41*H62 -> 0.58985727
A63: 7 | B63: AVISO PRÉVIO TRABALHADO | H63: 0.000185 | I63: =$I$41*H63 -> 0.33576491
A64: 8 | B64: 13º SALÁRIO | H64: 0.083333 | I64: =$I$41*H64 -> 151.24485
A65: Total do Grupo III | H65: =SUM(H56:H64) -> 0.205508 | I65: =SUM(I56:I64) -> 372.98581
A66: (3) | B66: Faltas Justificadas por Auxílio Doença
A67: (4) | B67: Faltas Legais - Art. 473 CLT
A68: IV | B68: Encargos Sociais - Grupo IV: Indenizações | H68: % | I68: Valor Mensal/unidade de serviço (R$)
A69: 1 | B69: INDENIZAÇÕES | H69: 0.023627 | I69: =$I$41*H69 -> 42.881716
A70: 2 | B70: FGTS SOBRE INDENIZAÇÕES | H70: 0.001717 | I70: =$I$41*H70 -> 3.1162613
A71: 3 | B71: INDENIZAÇÃO COMPENSATÓRIA POR DEMISSÃO SEM JUSTA CAUSA | H71: 0.009451 | I71: =$I$41*H71 -> 17.153049
A72: Total do Grupo IV | H72: =SUM(H69:H71) -> 0.034795 | I72: =SUM(I69:I71) -> 63.151027
A74: V | B74: Encargos Sociais - Grupo V: Incidências | H74: % | I74: Valor Mensal/unidade de serviço (R$)
A75: 1 | B75: INCIDÊNCIA GRUPO II (Obrigações Sociais) X GRUPO III (Tempo Não Trabalhado) | H75: =(H52*H65) -> 0.075626944 | I75: =$I$41*H75 -> 137.25878
A76: Total do Grupo V | H76: =SUM(H75:H75) -> 0.075626944 | I76: =I75 -> 137.25878
A78: TOTAL DOS ENCAGOS SOCIAIS (II + III + IV + V) | H78: =H52+H65+H72+H76 -> 0.68392994 | I78: =I52+I65+I72+I76 -> 1241.2955
A80: VI | B80: Demais custos relativos à Norma Coletiva ou Disposições Legais - Grupo VI | H80: % | I80: Valor Mensal/unidade de serviço (R$)
A81: 1 | B81: Auxílio Alimentação | H81: =I81/$I$41 -> 0.26657165 | I81: =I98 -> 483.813
A82: 2 | B82: Auxílio Lanche | H82: =I82/$I$41 -> 0 | I82: =I94 -> 0
A83: 3 | B83: Vale-Transporte⁽⁵⁾ | H83: =I83/$I$41 -> 0.13394522 | I83: =I90 -> 243.10327
A84: 4 | B84: Adicional Intervalar | H84: =I84/$I$41 -> 0 | I84: =IF(I27="Não aplicável",0,((I10/H10)*1.5*I27)) -> 0
A85: 5 | B85: Outros | H85: =I85/$I$41 -> 0.058139488 | I85: =IF(I21="Não aplicável",0,I21)+IF(I22="Não aplicável",0,I22) -> 105.52
A86: Total do Grupo VI | H86: =SUM(H81:H85) -> 0.45865636 | I86: =SUM(I81:I85) -> 832.43627
A87: (5) | B87: O valor do vale-transporte pode variar de acordo com o modal fornecido pelo empregador.
A88: MEMÓRIA DE CÁLCULO DO VALE TRANSPORTE
A89: Valor Unitário | C89: Dias de Trabalho | D89: Vale p/dia | E89: Custo total | F89: Base de cálculo | G89: Percentual de desconto | H89: Valor desconto | I89: Custo efetivo
A90: =I12 -> 8 | C90: =I13 -> 22 | D90: 2 | E90: =A90*C90*D90 -> 352 | F90: =I32 -> 1814.9455 | G90: =I14 -> 0.06 | H90: =F90*G90 -> 108.89673 | I90: =IF((E90-H90)>0,E90-H90,0) -> 243.10327
A92: MEMÓRIA DE CÁLCULO DO VALE LANCHE
A93: Valor Unitário | C93: Dias por mês | D93: Vale p/dia | E93: Custo total | F93: Base de cálculo | G93: Percentual de desconto | H93: Valor desconto | I93: Custo efetivo
A94: =I18 -> 13.57 | C94: =I19 -> 0 | D94: 1 | E94: =A94*C94*D94 -> 0 | F94: =E94 -> 0 | G94: =I20 -> 0.19 | H94: =F94*G94 -> 0 | I94: =E94-H94 -> 0
A96: MEMÓRIA DE CÁLCULO DO VALE ALIMENTAÇÃO
A97: Valor Unitário | C97: Dias por mês | D97: Vale p/dia | E97: Custo total | F97: Base de cálculo | G97: Percentual de desconto | H97: =H89 -> Valor desconto | I97: Custo efetivo
A98: =I15 -> 27.15 | C98: =I16 -> 22 | D98: 1 | E98: =A98*C98*D98 -> 597.3 | F98: =E98 -> 597.3 | G98: =I17 -> 0.19 | H98: =F98*G98 -> 113.487 | I98: =E98-H98 -> 483.813
A100: TOTAL DO MONTANTE A (I + II + III+ IV + V +VI) | H100: =H41+H78+H86 -> 2.1425863 | I100: =I41+I78+I86 -> 3888.6773
A102: MONTANTE B
A103: I | B103: Despesas Diretas | H103: % | I103: Valor Mensal/unidade de serviço (R$)
A104: 1 | B104: Transporte (6) | H104: =I104/$I$115 -> 0
A105: 2 | B105: Uniformes | H105: =I105/$I$115 -> 0.00028802049 | I105: 1.05
A106: 3 | B106: Seguro de vida | H106: =I106/$I$115 -> 0.0055190212 | I106: 20.12
A107: 4 | B107: Equipamentos/EPI (6a) | H107: =I107/$I$115 -> 0.00035659679 | I107: 1.3
A108: 5 | B108: Mobilização (7) | H108: =I108/$I$115 -> 0.0030173575 | I108: 11
A109: 6 | B109: Outros (especificar) | H109: =I109/$I$115 -> 0
A110: Total de Despesas Diretas | H110: =H104+H105+H106+H107+H108+H109 -> 0.0091809959 | I110: =IF(SUM(I104:I109)<G113,SUM(I104:I109),"Excede Limite") -> 33.47
...

Sheet Recepcionsta 12x36h Diurno
A1: PLANILHA DE CUSTOS E FORMAÇÃO DE PREÇOS DE SERVIÇOS CONTINUADOS COM DEDICAÇÃO EXCLUSIVA DE MÃO DE OBRA
A2: PROCESSO: | C2: 16150/26 | E2: REGIME DE TRIBUTAÇÃO: LUCRO PRESUMIDO
A3: LICITAÇÃO/EDITAL | C3: PE/59/2026 | E3: ABERTURA: | F3: 46314
A5: Cargo/Função: | D5: Recepcionista (4221) | G5: =IF(D6="12x36","Regime de trabalho:","Quantidade de HORAS/MÊS") -> Regime de trabalho: | I5: =IF(D6="12x36",D6,5*D6) -> 12x36
A6: =IF(D6="12x36","Regime de trabalho:","Regime de trabalho (horas semanais):") -> Regime de trabalho: | D6: 12x36
A7: Convenção Coletiva de Trabalho: | D7: RS000041/2026 | G7: INSALUBRIDADE (10%, 20%, 40%) | I7: 0.2
A8: Origem do salário: | D8: CONVENÇÃO COLETIVA DE TRABALHO RS000041/2026
A9: Cidade: | D9: Nova Santa Rita | G9: PERICULOSIDADE (30%) | I9: Não aplicável
A10: Salário Normativo | G10: Vlr. do salário e nº de horas correspondentes | H10: 220 | I10: 1996.44
A11: ISS | H11: Alíquota | I11: 0.02
A12: Quantidade de dias trabalhados no mês | I12: 15
A13: Tarifa Transporte | G13: CCT | H13: Vr. Unitário | I13: 8
H14: Dias | I14: =I12 -> 15
H15: Desconto | I15: 0.06
A16: Auxílio Alimentação - CLÁUSULA 20ª DA CCT. | G16: CCT | H16: Vr. Unitário | I16: 27.15
H17: Dias | I17: =I12 -> 15
H18: Desconto | I18: 0.19
A19: Auxílio Lanche - CLÁUSULA 21ª DA CCT. | G19: CCT | H19: Vr. Unitário | I19: 13.57
H20: Dias | I20: 0
H21: Desconto | I21: 0.19
A22: PLANO DE BENEFÍCIO SOCIAL FAMILIAR CLÁUSULA 31ª DA CCT. | G22: CCT | H22: Valor mensal | I22: 25.52
A23: PRÊMIO ASSIDUIDADE CLÁUSULA 19ª DA CCT. | G23: CCT | H23: Valor mensal | I23: 80
A24: Adicional de Supervisor (37%) | H24: Porcentagem | I24: Não aplicável
A25: Base de cálculo da insalubridade | H25: Valor | I25: =I31 -> 1996.44
A26: Hora Intervalar (indenizada) | H26: Horas por mês | I26: 15
A27: Sem fornecimento de materiais ou apenas fornecimento de EPIs ou uniformes, utilizar 10%. Com fornecimento de materiais ou equipamentos, utilizar 20%. (Decreto 52.768/2015, alterado pelo Decreto 53.424/2017) | H27: Porcentagem | I27: 0.2
A29: MONTANTE A
A30: I | B30: Remuneração - Grupo I | H30: % | I30: Valor Mensal/unidade de serviço (R$)
A31: 1 | B31: Salário | H31: =I31/$I$39 -> 0.83333333 | I31: =IF(D6="12x36",I10,I10/H10*I5) -> 1996.44
A32: =A31+1 -> 2 | B32: Adicional Periculosidade 30% | H32: =I32/$I$39 -> 0 | I32: =IF(I9=30%,(I31)*I9,0) -> 0
A33: =A32+1 -> 3 | B33: Adicional Insalubridade 10% (Ver súmula 228 e 139 TST) | H33: =I33/$I$39 -> 0 | I33: =IF(I7=10%,I25*I7,0) -> 0
A34: =A33+1 -> 4 | B34: Adicional Insalubridade 20% (Ver súmula 228 e 139 TST) | H34: =I34/$I$39 -> 0.16666667 | I34: =IF(I7=20%,I25*I7,0) -> 399.288
A35: =A34+1 -> 5 | B35: Adicional Insalubridade 40% (Ver súmula 228 e 139 TST) | H35: =I35/$I$39 -> 0 | I35: =IF(I7=40%,I25*I7,0) -> 0
A36: =A35+1 -> 6 | B36: Adicional de Supervisor (IN 02/2008 MPOG SLTI) | H36: =I36/$I$39 -> 0 | I36: =IF(I24="Não aplicável",0,I31*I24) -> 0
A37: =A36+1 -> 7 | B37: DSR - Descanso Semanal Remunerado | H37: =I37/$I$39 -> 0 | I37: 0
A38: =A37+1 -> 8 | B38: =IF(D6="12x36","Para postos 12x36 os feriados são considerados compensados, conforme parágrafo único, Art. 59-A da CLT","Outros") -> Para postos 12x36 os feriados são considerados compensados, conforme parágrafo único, Art. 59-A da CLT | H38: =I38/$I$39 -> 0 | I38: 0
A39: Total de Remuneração | H39: =SUM(H31:H38) -> 1 | I39: =SUM(I31:I38) -> 2395.728
A41: II | B41: Encargos Sociais - Grupo II: Obrigações Sociais | H41: % | I41: Valor Mensal/unidade de serviço (R$)
A42: 1 | B42: INSS (art. 22, inc. I, Lei nº 8.212/91) | H42: 0.2 | I42: =$I$39*H42 -> 479.1456
A43: 2 | B43: SESI ou SESC (art. 30, Lei nº 8.036/90) | H43: 0.015 | I43: =$I$39*H43 -> 35.93592
A44: 3 | B44: SENAI ou SENAC (Decreto-Lei nº 2.318/86) | H44: 0.01 | I44: =$I$39*H44 -> 23.95728
A45: 4 | B45: INCRA (art. 15I, Lei Complementar nº 011/71) | H45: 0.002 | I45: =$I$39*H45 -> 4.791456
A46: 5 | B46: SALÁRIO EDUCAÇÃO (art. , inc. I, Decreto nº 87.043/82) | H46: 0.025 | I46: =$I$39*H46 -> 59.8932
A47: 6 | B47: FGTS (art. 15, Lei nº 8.036/90) | H47: 0.08 | I47: =$I$39*H47 -> 191.65824
A48: 7 | B48: SEG. ACIDENTE DO TRABALHO 1%, 2% e 3% (art. 22, inc. II, alíneas "b" e "c", da Lei nº 8.212/91) | H48: 0.03 | I48: =$I$39*H48 -> 71.87184
A49: 8 | B49: SEBRAE (§ 3º, art. 8º, Lei nº 8.029/90) | H49: 0.006 | I49: =$I$39*H49 -> 14.374368
A50: Total do Grupo II | H50: =SUM(H42:H49) -> 0.368 | I50: =SUM(I42:I49) -> 881.6279
A51: Os percentuais para o SAT podem variar de 0,50% a 6,00% em função do Fator de Acidente Previdenciário (FAP), Decreto nº 6.957/2009
A52: Deverá obrigatoriamente acompanhar a proposta de preços e a planilha de custos e formação de preços a prova do Fator Acidentário de Prevenção – FAP por meio de impressão de consulta ao site do Ministério da Previdência Social (que pode ser obtido no endereço eletrônico http://www2.dataprev.gov.br/fap/fap.htm), independentemente de alteração da alíquota da parcela do Seguro Acidente de Trabalho disposta no Quadro II da referida planilha.
A53: III | B53: Encargos Sociais - Grupo III: Tempo Não Trabalhado | H53: % | I53: Valor Mensal/unidade de serviço (R$)
A54: 1.a | B54: FÉRIAS GOZADAS + ADICIONAL DE FÉRIAS | H54: 0.111111 | I54: =$I$39*H54 -> 266.19173
A55: 1.b | B55: SUBSTITUTO NA COBERTURA DE FÉRIAS | H55: 0.009259 | I55: =$I$39*H55 -> 22.182046
A56: 2 | B56: FALTAS ABONADAS (3) | H56: 0.000356 | I56: =$I$39*H56 -> 0.85287917
A57: 3 | B57: FALTAS LEGAIS (4) | H57: 0.000356 | I57: =$I$39*H57 -> 0.85287917
A58: 4 | B58: LICENÇA MATERNIDADE | H58: 0.000389 | I58: =$I$39*H58 -> 0.93193819
A59: 5 | B59: LICENÇA PATERNIDADE | H59: 0.000194 | I59: =$I$39*H59 -> 0.46477123
A60: 6 | B60: ACIDENTE DE TRABALHO | H60: 0.000325 | I60: =$I$39*H60 -> 0.7786116
A61: 7 | B61: AVISO PRÉVIO TRABALHADO | H61: 0.000185 | I61: =$I$39*H61 -> 0.44320968
A62: 8 | B62: 13º SALÁRIO | H62: 0.083333 | I62: =$I$39*H62 -> 199.6432
A63: Total do Grupo III | H63: =SUM(H54:H62) -> 0.205508 | I63: =SUM(I54:I62) -> 492.34127
A64: (3) | B64: Faltas Justificadas por Auxílio Doença
A65: (4) | B65: Faltas Legais - Art. 473 CLT
A66: IV | B66: Encargos Sociais - Grupo IV: Indenizações | H66: % | I66: Valor Mensal/unidade de serviço (R$)
A67: 1 | B67: INDENIZAÇÕES | H67: 0.023627 | I67: =$I$39*H67 -> 56.603865
A68: 2 | B68: FGTS SOBRE INDENIZAÇÕES | H68: 0.001717 | I68: =$I$39*H68 -> 4.113465
A69: 3 | B69: INDENIZAÇÃO COMPENSATÓRIA POR DEMISSÃO SEM JUSTA CAUSA | H69: 0.009451 | I69: =$I$39*H69 -> 22.642025
A70: Total do Grupo IV | H70: =SUM(H67:H69) -> 0.034795 | I70: =SUM(I67:I69) -> 83.359356
A72: V | B72: Encargos Sociais - Grupo V: Incidências | H72: % | I72: Valor Mensal/unidade de serviço (R$)
A73: 1 | B73: INCIDÊNCIA GRUPO II (Obrigações Sociais) X GRUPO III (Tempo Não Trabalhado) | H73: =(H50*H63) -> 0.075626944 | I73: =$I$39*H73 -> 181.18159
A74: Total do Grupo V | H74: =SUM(H73:H73) -> 0.075626944 | I74: =I73 -> 181.18159
A76: TOTAL DOS ENCAGOS SOCIAIS (II + III + IV + V) | H76: =H50+H63+H70+H74 -> 0.68392994 | I76: =I50+I63+I70+I74 -> 1638.5101
A78: VI | B78: Demais custos relativos à Norma Coletiva ou Disposições Legais - Grupo VI | H78: % | I78: Valor Mensal/unidade de serviço (R$)
A79: 1 | B79: Auxílio Alimentação | H79: =I79/$I$39 -> 0.13769197 | I79: =I96 -> 329.8725
A80: 2 | B80: Auxílio Lanche | H80: =I80/$I$39 -> 0 | I80: =I92 -> 0
A81: 3 | B81: Vale-Transporte⁽⁵⁾ | H81: =I81/$I$39 -> 0.050178317 | I81: =I88 -> 120.2136
A82: 4 | B82: Adicional Intervalar | H82: =I82/$I$39 -> 0.085227273 | I82: =IF(I26="Não aplicável",0,((I10/H10)*1.5*I26)) -> 204.18136
A83: 5 | B83: Outros | H83: =I83/$I$39 -> 0.044045067 | I83: =IF(I23="Não aplicável",0,I23)+IF(I22="Não aplicável",0,I22) -> 105.52
A84: Total do Grupo VI | H84: =SUM(H79:H83) -> 0.31714262 | I84: =SUM(I79:I83) -> 759.78746
A85: (5) | B85: O valor do vale-transporte pode variar de acordo com o modal fornecido pelo empregador.
A86: MEMÓRIA DE CÁLCULO DO VALE TRANSPORTE
A87: Valor Unitário | C87: Dias de Trabalho | D87: Vale p/dia | E87: Custo total | F87: Base de cálculo | G87: Percentual de desconto | H87: Valor desconto | I87: Custo efetivo
A88: =I13 -> 8 | C88: =I14 -> 15 | D88: 2 | E88: =A88*C88*D88 -> 240 | F88: =I31 -> 1996.44 | G88: =I15 -> 0.06 | H88: =F88*G88 -> 119.7864 | I88: =IF((E88-H88)>0,E88-H88,0) -> 120.2136
A90: MEMÓRIA DE CÁLCULO DO VALE LANCHE
A91: Valor Unitário | C91: Dias por mês | D91: Vale p/dia | E91: Custo total | F91: Base de cálculo | G91: Percentual de desconto | H91: Valor desconto | I91: Custo efetivo
A92: =I19 -> 13.57 | C92: =I20 -> 0 | D92: 1 | E92: =A92*C92*D92 -> 0 | F92: =E92 -> 0 | G92: =I21 -> 0.19 | H92: =F92*G92 -> 0 | I92: =E92-H92 -> 0
A94: MEMÓRIA DE CÁLCULO DO VALE ALIMENTAÇÃO
A95: Valor Unitário | C95: Dias por mês | D95: Vale p/dia | E95: Custo total | F95: Base de cálculo | G95: Percentual de desconto | H95: =H87 -> Valor desconto | I95: Custo efetivo
A96: =I16 -> 27.15 | C96: =I17 -> 15 | D96: 1 | E96: =A96*C96*D96 -> 407.25 | F96: =E96 -> 407.25 | G96: =I18 -> 0.19 | H96: =F96*G96 -> 77.3775 | I96: =E96-H96 -> 329.8725
A98: TOTAL DO MONTANTE A (I + II + III+ IV + V +VI) | H98: =H39+H76+H84 -> 2.0010726 | I98: =I39+I76+I84 -> 4794.0256
A100: MONTANTE B
A101: I | B101: Despesas Diretas | H101: % | I101: Valor Mensal/unidade de serviço (R$)
A102: 1 | B102: Transporte (6) | H102: =I102/$I$113 -> 0
A103: 2 | B103: Uniformes | H103: =I103/$I$113 -> 0.00022465602 | I103: 1.05
A104: 3 | B104: Seguro de vida | H104: =I104/$I$113 -> 0.0056827275 | I104: 26.56
A105: 4 | B105: Equipamentos/EPI (6a) | H105: =I105/$I$113 -> 0.00027814555 | I105: 1.3
A106: 5 | B106: Mobilização (7) | H106: =I106/$I$113 -> 0.0023535393 | I106: 11
A107: 6 | B107: Outros (especificar) | H107: =I107/$I$113 -> 0
A108: Total de Despesas Diretas | H108: =H102+H103+H104+H105+H106+H107 -> 0.0085390684 | I108: =IF(SUM(I102:I107)<G111,SUM(I102:I107),"Excede Limite") -> 39.91
B109: (6) Somente será preenchido quando o licitante fornecer transporte próprio (6a) EPI - Equipamento de Proteção Individual (7) Tais custos de mobilização não são renováveis, devendo ser eliminados após o primeiro ano de contrato caso haja prorrogação
A111: LIMITE QUADRO I (Despesas Diretas) sobre Montante A (exceto Vale-transporte), conforme alíneas "b.2" e "b.3", Inc. II, art. 7º, do Decreto 52.768/2015, alterado pelo Decreto 53.424/2017: 10% SEM MATERIAIS/EQUIPAMENTOS; 20% COM MATERIAIS/EQUIPAMENTOS | F111: =I27 -> 0.2 | G111: =I113*F111 -> 934.7624 | H111: Dedução Vale Transporte | I111: =I81 -> 120.2136
...

Sheet Recepcionsta 12x36h Noturno
A1: PLANILHA DE CUSTOS E FORMAÇÃO DE PREÇOS DE SERVIÇOS CONTINUADOS COM DEDICAÇÃO EXCLUSIVA DE MÃO DE OBRA
A2: PROCESSO: | C2: 16150/26 | E2: REGIME DE TRIBUTAÇÃO: LUCRO PRESUMIDO
A3: LICITAÇÃO/EDITAL | C3: PE/59/2026 | E3: ABERTURA: | F3: 46314
A5: Cargo/Função: | D5: Recepcionista (4221) | G5: =IF(D6="12x36","Regime de trabalho:","Quantidade de HORAS/MÊS") -> Regime de trabalho: | I5: =IF(D6="12x36",D6,5*D6) -> 12x36
A6: =IF(D6="12x36","Regime de trabalho:","Regime de trabalho (horas semanais):") -> Regime de trabalho: | D6: 12x36
A7: Convenção Coletiva de Trabalho: | D7: RS000041/2026 | G7: INSALUBRIDADE (10%, 20%, 40%) | I7: 0.2
A8: Origem do salário: | D8: CONVENÇÃO COLETIVA DE TRABALHO RS000041/2026
A9: Cidade: | D9: Nova Santa Rita | G9: PERICULOSIDADE (30%) | I9: Não aplicável
A10: Salário Normativo | G10: Vlr. do salário e nº de horas correspondentes | H10: 220 | I10: 1996.44
A11: ISS | G11: =D9 -> Nova Santa Rita | H11: Alíquota | I11: 0.02
A12: Quantidade de dias trabalhados no mês | I12: 15
A13: Tarifa Transporte | G13: CCT | H13: Vr. Unitário | I13: 8
H14: Dias | I14: =I12 -> 15
H15: Desconto | I15: 0.06
A16: Auxílio Alimentação - CLÁUSULA 20ª DA CCT. | G16: CCT | H16: Vr. Unitário | I16: 27.15
H17: Dias | I17: =I12 -> 15
H18: Desconto | I18: 0.19
A19: Auxílio Lanche - CLÁUSULA 21ª DA CCT. | G19: CCT | H19: Vr. Unitário | I19: 13.57
H20: Dias | I20: 0
H21: Desconto | I21: 0.19
A22: PLANO DE BENEFÍCIO SOCIAL FAMILIAR CLÁUSULA 31ª DA CCT. | G22: CCT | H22: Valor mensal | I22: 25.52
A23: PRÊMIO ASSIDUIDADE CLÁUSULA 19ª DA CCT. | G23: CCT | H23: Valor mensal | I23: 80
A24: Adicional de Supervisor (37%) | H24: Porcentagem | I24: Não aplicável
A25: Base de cálculo da insalubridade | H25: Valor | I25: =I35 -> 1996.44
A26: Hora Intervalar (indenizada) | H26: Horas por mês | I26: 15
A27: Sem fornecimento de materiais ou apenas fornecimento de EPIs ou uniformes, utilizar 10%. Com fornecimento de materiais ou equipamentos, utilizar 20%. (Decreto 52.768/2015, alterado pelo Decreto 53.424/2017) | H27: Porcentagem | I27: 0.2
A28: Adicional Noturno: Horas: [(60/52,5) x Nº de horas noturnas diárias] x Nº de dias trabalhados com hora noturna Valor hora: (vlr. do salário/nº de horas correspondente do salário) x 20% (noturno) | G28: CCT | H28: Nº horas | I28: =((60/52.5)*7)*15 -> 120
H29: Vr. Hora | I29: =ROUND(I10/H10*20%,2) -> 1.81
A30: Reduzida Noturna Horas Reduzidas: 60/52,5=1,143 x 7h noturnas = 8h noturnas 5h diurnas + 8h noturnas = 13h X 15 dias = 195 horas mensais 195h - 190,67 = 4,33 horas Valor hora: (vlr. do salário/nº de horas correspondente do salário) x 150% (H.Extra) | G30: CCT | H30: Nº horas | I30: =((5+7+1)*15)-190.67 -> 4.33
H31: Vr. Hora | I31: =ROUND((I10/H10)*1.5,2) -> 13.61
A33: MONTANTE A
A34: I | B34: Remuneração - Grupo I | H34: % | I34: Valor Mensal/unidade de serviço (R$)
A35: 1 | B35: Salário | H35: =I35/$I$46 -> 0.73207824 | I35: =IF(D6="12x36",I10,I10/H10*I5) -> 1996.44
A36: =A35+1 -> 2 | B36: Adicional Noturno 20% (Ver súmula 60 TST) | H36: =I36/$I$46 -> 0 | I36: 0
A37: =A36+1 -> 3 | B37: Adicional Periculosidade 30% | H37: =I37/$I$46 -> 0 | I37: =IF(I9=30%,(I35+I42+I43+I44)*I9,0) -> 0
A38: =A37+1 -> 4 | B38: Adicional Insalubridade 10% (Ver súmula 228 e 139 TST) | H38: =I38/$I$46 -> 0 | I38: =IF(I7=10%,I25*I7,0) -> 0
A39: =A38+1 -> 5 | B39: Adicional Insalubridade 20% (Ver súmula 228 e 139 TST) | H39: =I39/$I$46 -> 0.14641565 | I39: =IF(I7=20%,I25*I7,0) -> 399.288
A40: =A39+1 -> 6 | B40: Adicional Insalubridade 40% (Ver súmula 228 e 139 TST) | H40: =I40/$I$46 -> 0 | I40: =IF(I7=40%,I25*I7,0) -> 0
A41: =A40+1 -> 7 | B41: Adicional de Supervisor (IN 02/2008 MPOG SLTI) | H41: =I41/$I$46 -> 0 | I41: =IF(I24="Não aplicável",0,I35*I24) -> 0
A42: =A41+1 -> 8 | B42: Reduzida Noturna | H42: =I42/$I$46 -> 0.021609626 | I42: =I30*I31 -> 58.9313
A43: =A42+1 -> 9 | B43: Adicional Noturno | H43: =I43/$I$46 -> 0.079645466 | I43: =I28*I29 -> 217.2
A44: =A43+1 -> 10 | B44: Integração RSRF (20%) sobre H. Extra Red. Noturna e Adic Noturno = [Reduzida Noturna + Adic. Noturno]*[Descanso Semanal Remunerado] (20%) | H44: =I44/$I$46 -> 0.020251018 | I44: =(I42+I43)*0.2 -> 55.22626
A45: =A44+1 -> 11 | B45: =IF(D6="12x36","Para postos 12x36 os feriados são considerados compensados, conforme parágrafo único, Art. 59-A da CLT","Outros") -> Para postos 12x36 os feriados são considerados compensados, conforme parágrafo único, Art. 59-A da CLT | H45: =I45/$I$46 -> 0 | I45: 0
A46: Total de Remuneração | H46: =SUM(H35:H45) -> 1 | I46: =SUM(I35:I45) -> 2727.0856
A48: II | B48: Encargos Sociais - Grupo II: Obrigações Sociais | H48: % | I48: Valor Mensal/unidade de serviço (R$)
A49: 1 | B49: INSS (art. 22, inc. I, Lei nº 8.212/91) | H49: 0.2 | I49: =$I$46*H49 -> 545.41711
A50: 2 | B50: SESI ou SESC (art. 30, Lei nº 8.036/90) | H50: 0.015 | I50: =$I$46*H50 -> 40.906283
A51: 3 | B51: SENAI ou SENAC (Decreto-Lei nº 2.318/86) | H51: 0.01 | I51: =$I$46*H51 -> 27.270856
A52: 4 | B52: INCRA (art. 15I, Lei Complementar nº 011/71) | H52: 0.002 | I52: =$I$46*H52 -> 5.4541711
A53: 5 | B53: SALÁRIO EDUCAÇÃO (art. , inc. I, Decreto nº 87.043/82) | H53: 0.025 | I53: =$I$46*H53 -> 68.177139
A54: 6 | B54: FGTS (art. 15, Lei nº 8.036/90) | H54: 0.08 | I54: =$I$46*H54 -> 218.16684
A55: 7 | B55: SEG. ACIDENTE DO TRABALHO 1%, 2% e 3% (art. 22, inc. II, alíneas "b" e "c", da Lei nº 8.212/91) | H55: 0.03 | I55: =$I$46*H55 -> 81.812567
A56: 8 | B56: SEBRAE (§ 3º, art. 8º, Lei nº 8.029/90) | H56: 0.006 | I56: =$I$46*H56 -> 16.362513
A57: Total do Grupo II | H57: =SUM(H49:H56) -> 0.368 | I57: =SUM(I49:I56) -> 1003.5675
A58: Os percentuais para o SAT podem variar de 0,50% a 6,00% em função do Fator de Acidente Previdenciário (FAP), Decreto nº 6.957/2009
A59: Deverá obrigatoriamente acompanhar a proposta de preços e a planilha de custos e formação de preços a prova do Fator Acidentário de Prevenção – FAP por meio de impressão de consulta ao site do Ministério da Previdência Social (que pode ser obtido no endereço eletrônico http://www2.dataprev.gov.br/fap/fap.htm), independentemente de alteração da alíquota da parcela do Seguro Acidente de Trabalho disposta no Quadro II da referida planilha.
A60: III | B60: Encargos Sociais - Grupo III: Tempo Não Trabalhado | H60: % | I60: Valor Mensal/unidade de serviço (R$)
A61: 1.a | B61: FÉRIAS GOZADAS + ADICIONAL DE FÉRIAS | H61: 0.111111 | I61: =$I$46*H61 -> 303.0092
A62: 1.b | B62: SUBSTITUTO NA COBERTURA DE FÉRIAS | H62: 0.009259 | I62: =$I$46*H62 -> 25.250085
A63: 2 | B63: FALTAS ABONADAS (3) | H63: 0.000356 | I63: =$I$46*H63 -> 0.97084246
A64: 3 | B64: FALTAS LEGAIS (4) | H64: 0.000356 | I64: =$I$46*H64 -> 0.97084246
A65: 4 | B65: LICENÇA MATERNIDADE | H65: 0.000389 | I65: =$I$46*H65 -> 1.0608363
A66: 5 | B66: LICENÇA PATERNIDADE | H66: 0.000194 | I66: =$I$46*H66 -> 0.5290546
A67: 6 | B67: ACIDENTE DE TRABALHO | H67: 0.000325 | I67: =$I$46*H67 -> 0.88630281
A68: 7 | B68: AVISO PRÉVIO TRABALHADO | H68: 0.000185 | I68: =$I$46*H68 -> 0.50451083
A69: 8 | B69: 13º SALÁRIO | H69: 0.083333 | I69: =$I$46*H69 -> 227.25622
A70: Total do Grupo III | H70: =SUM(H61:H69) -> 0.205508 | I70: =SUM(I61:I69) -> 560.4379
A71: (3) | B71: Faltas Justificadas por Auxílio Doença
A72: (4) | B72: Faltas Legais - Art. 473 CLT
A73: IV | B73: Encargos Sociais - Grupo IV: Indenizações | H73: % | I73: Valor Mensal/unidade de serviço (R$)
A74: 1 | B74: INDENIZAÇÕES | H74: 0.023627 | I74: =$I$46*H74 -> 64.432851
A75: 2 | B75: FGTS SOBRE INDENIZAÇÕES | H75: 0.001717 | I75: =$I$46*H75 -> 4.6824059
A76: 3 | B76: INDENIZAÇÃO COMPENSATÓRIA POR DEMISSÃO SEM JUSTA CAUSA | H76: 0.009451 | I76: =$I$46*H76 -> 25.773686
A77: Total do Grupo IV | H77: =SUM(H74:H76) -> 0.034795 | I77: =SUM(I74:I76) -> 94.888942
A79: V | B79: Encargos Sociais - Grupo V: Incidências | H79: % | I79: Valor Mensal/unidade de serviço (R$)
A80: 1 | B80: INCIDÊNCIA GRUPO II (Obrigações Sociais) X GRUPO III (Tempo Não Trabalhado) | H80: =(H57*H70) -> 0.075626944 | I80: =$I$46*H80 -> 206.24115
A81: Total do Grupo V | H81: =SUM(H80:H80) -> 0.075626944 | I81: =I80 -> 206.24115
A83: TOTAL DOS ENCAGOS SOCIAIS (II + III + IV + V) | H83: =H57+H70+H77+H81 -> 0.68392994 | I83: =I57+I70+I77+I81 -> 1865.1355
A85: VI | B85: Demais custos relativos à Norma Coletiva ou Disposições Legais - Grupo VI | H85: % | I85: Valor Mensal/unidade de serviço (R$)
A86: 1 | B86: Auxílio Alimentação | H86: =I86/$I$46 -> 0.12096155 | I86: =I103 -> 329.8725
A87: 2 | B87: Auxílio Lanche | H87: =I87/$I$46 -> 0 | I87: =I99 -> 0
A88: 3 | B88: Vale-Transporte⁽⁵⁾ | H88: =I88/$I$46 -> 0.044081345 | I88: =I95 -> 120.2136
A89: 4 | B89: Adicional Intervalar | H89: =I89/$I$46 -> 0.074871638 | I89: =IF(I26="Não aplicável",0,((I10/H10)*1.5*I26)) -> 204.18136
A90: 5 | B90: Outros | H90: =I90/$I$46 -> 0.038693322 | I90: =IF(I23="Não aplicável",0,I23)+IF(I22="Não aplicável",0,I22) -> 105.52
A91: Total do Grupo VI | H91: =SUM(H86:H90) -> 0.27860786 | I91: =SUM(I86:I90) -> 759.78746
A93: MEMÓRIA DE CÁLCULO DO VALE TRANSPORTE
A94: Valor Unitário | C94: Dias de Trabalho | D94: Vale p/dia | E94: Custo total | F94: Base de cálculo | G94: Percentual de desconto | H94: Valor desconto | I94: Custo efetivo
A95: =I13 -> 8 | C95: =I14 -> 15 | D95: 2 | E95: =A95*C95*D95 -> 240 | F95: =I35 -> 1996.44 | G95: =I15 -> 0.06 | H95: =F95*G95 -> 119.7864 | I95: =IF((E95-H95)>0,E95-H95,0) -> 120.2136
A97: MEMÓRIA DE CÁLCULO DO VALE LANCHE
A98: Valor Unitário | C98: Dias por mês | D98: Vale p/dia | E98: Custo total | F98: Base de cálculo | G98: Percentual de desconto | H98: Valor desconto | I98: Custo efetivo
A99: =I19 -> 13.57 | C99: =I20 -> 0 | D99: 1 | E99: =A99*C99*D99 -> 0 | F99: =E99 -> 0 | G99: =I21 -> 0.19 | H99: =F99*G99 -> 0 | I99: =E99-H99 -> 0
A101: MEMÓRIA DE CÁLCULO DO VALE ALIMENTAÇÃO
A102: Valor Unitário | C102: Dias por mês | D102: Vale p/dia | E102: Custo total | F102: Base de cálculo | G102: Percentual de desconto | H102: =H94 -> Valor desconto | I102: Custo efetivo
A103: =I16 -> 27.15 | C103: =I17 -> 15 | D103: 1 | E103: =A103*C103*D103 -> 407.25 | F103: =E103 -> 407.25 | G103: =I18 -> 0.19 | H103: =F103*G103 -> 77.3775 | I103: =E103-H103 -> 329.8725
A105: TOTAL DO MONTANTE A (I + II + III+ IV + V +VI) | H105: =H46+H83+H91 -> 1.9625378 | I105: =I46+I83+I91 -> 5352.0085
A107: MONTANTE B
A108: I | B108: Despesas Diretas | H108: % | I108: Valor Mensal/unidade de serviço (R$)
A109: 1 | B109: Transporte (6) | H109: =I109/$I$120 -> 0
A110: 2 | B110: Uniformes | H110: =I110/$I$120 -> 0.00020069594 | I110: 1.05
A111: 3 | B111: Seguro de vida | H111: =I111/$I$120 -> 0.0057800431 | I111: 30.24
...

Sheet Auxiliar de Limpeza 40h
A1: PLANILHA DE CUSTOS E FORMAÇÃO DE PREÇOS DE SERVIÇOS CONTINUADOS COM DEDICAÇÃO EXCLUSIVA DE MÃO DE OBRA
A2: PROCESSO: | C2: 16150/26 | E2: REGIME DE TRIBUTAÇÃO: LUCRO PRESUMIDO
A3: LICITAÇÃO/EDITAL | C3: PE/59/2026 | E3: ABERTURA: | F3: 46314
A5: Cargo/Função: | D5: Auxiliar de Limpeza (5143) | G5: =IF(D6="12x36","Regime de trabalho:","Quantidade de HORAS/MÊS") -> Quantidade de HORAS/MÊS | I5: =IF(D6="12x36",D6,5*D6) -> 200
A6: =IF(D6="12x36","Regime de trabalho:","Regime de trabalho (horas semanais):") -> Regime de trabalho (horas semanais): | D6: 40
A7: Convenção Coletiva de Trabalho: | D7: RS000041/2026 | G7: INSALUBRIDADE (10%, 20%, 40%) | I7: 0.4
A8: Origem do salário: | D8: CONVENÇÃO COLETIVA DE TRABALHO RS000041/2026
A9: Cidade: | D9: Nova Santa Rita | G9: PERICULOSIDADE (30%) | I9: Não aplicável
A10: Salário Normativo | G10: Vlr. do salário e nº de horas correspondentes | H10: 220 | I10: 1765.86
A11: ISS | G11: =D9 -> Nova Santa Rita | H11: Alíquota | I11: 0.02
A12: Tarifa Transporte | G12: CCT | H12: Vr. Unitário | I12: 8
H13: Dias | I13: 22
H14: Desconto | I14: 0.06
A15: Auxílio Alimentação - CLÁUSULA 20ª DA CCT. | G15: CCT | H15: Vr. Unitário | I15: 27.15
H16: Dias | I16: 22
H17: Desconto | I17: 0.19
A18: Auxílio Lanche - CLÁUSULA 21ª DA CCT. | G18: CCT | H18: Vr. Unitário | I18: 13.57
H19: Dias | I19: 0
H20: Desconto | I20: 0.19
A21: PLANO DE BENEFÍCIO SOCIAL FAMILIAR CLÁUSULA 31ª DA CCT. | G21: CCT | H21: Valor mensal | I21: 25.52
A22: PRÊMIO ASSIDUIDADE CLÁUSULA 19ª DA CCT. | G22: CCT | H22: Valor mensal | I22: 80
A23: Adicional de Supervisor (37%) | H23: Porcentagem | I23: Não aplicável
A24: Base de cálculo da insalubridade | H24: Valor | I24: =I32 -> 1605.3273
A25: Quantitativo de horas trabalhadas em feriados no mês (estimado) - Não aplicável para postos 12x36 | H25: Horas por mês | I25: Não aplicável
H26: Acréscimo da hora extra | I26: Não aplicável
A27: Hora Intervalar (somente para postos 12x36, quando for o caso) | H27: Horas por mês | I27: Não aplicável
A28: Sem fornecimento de materiais ou apenas fornecimento de EPIs ou uniformes, utilizar 10%. Com fornecimento de materiais ou equipamentos, utilizar 20%. (Decreto 52.768/2015, alterado pelo Decreto 53.424/2017) | H28: Porcentagem | I28: 0.2
A30: MONTANTE A
A31: I | B31: Remuneração - Grupo I | H31: % | I31: Valor Mensal/unidade de serviço (R$)
A32: 1 | B32: Salário | H32: =I32/$I$41 -> 0.71428571 | I32: =IF(D6="12x36",I10,I10/H10*I5) -> 1605.3273
A33: =A32+1 -> 2 | B33: Adicional Periculosidade 30% (Ver súmulas 364, 132 e 191 do TST) | H33: =I33/$I$41 -> 0 | I33: =IF(I9=30%,I32*I9,0) -> 0
A34: =A33+1 -> 3 | B34: Adicional Insalubridade 10% (Ver súmula 228 e 139 TST) | H34: =I34/$I$41 -> 0 | I34: =IF(I7=10%,I24*I7,0) -> 0
A35: =A34+1 -> 4 | B35: Adicional Insalubridade 20% (Ver súmula 228 e 139 TST) | H35: =I35/$I$41 -> 0 | I35: =IF(I7=20%,I24*I7,0) -> 0
A36: =A35+1 -> 5 | B36: Adicional Insalubridade 40% (Ver súmula 228 e 139 TST) | H36: =I36/$I$41 -> 0.28571429 | I36: =IF(I7=40%,I24*I7,0) -> 642.13091
A37: =A36+1 -> 6 | B37: Adicional de Supervisor (IN 05/2017 MPOG SLTI) | H37: =I37/$I$41 -> 0 | I37: =IF(I23="Não aplicável",0,I32*I23) -> 0
A38: =A37+1 -> 7 | B38: Feriados | H38: =I38/$I$41 -> 0 | I38: =IF(I25="Não aplicável",0,(I32+I33+I34+I35+I36+I37+I40)/I5*I25*(1+I26)) -> 0
A39: =A38+1 -> 8 | B39: DSR = número total das horas extras do mês / número de dias úteis X domingos e feriados do mês X valor da hora extra com acréscimo | H39: =I39/$I$41 -> 0 | I39: =IF(I25="Não aplicável",0,I25/I13*5*(I10/H10*(1+I26))) -> 0
A40: =A39+1 -> 9 | B40: =IF(D6="12x36","Para postos 12x36 os feriados são considerados compensados, conforme parágrafo único, Art. 59-A da CLT","Outros") -> Outros | H40: =I40/$I$41 -> 0 | I40: 0
A41: Total de Remuneração | H41: =SUM(H32:H40) -> 1 | I41: =SUM(I32:I40) -> 2247.4582
A43: II | B43: Encargos Sociais - Grupo II: Obrigações Sociais | H43: % | I43: Valor Mensal/unidade de serviço (R$)
A44: 1 | B44: INSS (art. 22, inc. I, Lei nº 8.212/91) | H44: 0.2 | I44: =$I$41*H44 -> 449.49164
A45: 2 | B45: SESI ou SESC (art. 30, Lei nº 8.036/90) | H45: 0.015 | I45: =$I$41*H45 -> 33.711873
A46: 3 | B46: SENAI ou SENAC (Decreto-Lei nº 2.318/86) | H46: 0.01 | I46: =$I$41*H46 -> 22.474582
A47: 4 | B47: INCRA (art. 15I, Lei Complementar nº 011/71) | H47: 0.002 | I47: =$I$41*H47 -> 4.4949164
A48: 5 | B48: SALÁRIO EDUCAÇÃO (art. , inc. I, Decreto nº 87.043/82) | H48: 0.025 | I48: =$I$41*H48 -> 56.186455
A49: 6 | B49: FGTS (art. 15, Lei nº 8.036/90) | H49: 0.08 | I49: =$I$41*H49 -> 179.79665
A50: 7 | B50: SEG. ACIDENTE DO TRABALHO 1%, 2% e 3% (art. 22, inc. II, alíneas "b" e "c", da Lei nº 8.212/91) | H50: 0.03 | I50: =$I$41*H50 -> 67.423745
A51: 8 | B51: SEBRAE (§ 3º, art. 8º, Lei nº 8.029/90) | H51: 0.006 | I51: =$I$41*H51 -> 13.484749
A52: Total do Grupo II | H52: =SUM(H44:H51) -> 0.368 | I52: =SUM(I44:I51) -> 827.06461
A53: Os percentuais para o SAT podem variar de 0,50% a 6,00% em função do Fator de Acidente Previdenciário (FAP), Decreto nº 6.957/2009
A54: Deverá obrigatoriamente acompanhar a proposta de preços e a planilha de custos e formação de preços a prova do Fator Acidentário de Prevenção – FAP por meio de impressão de consulta ao site do Ministério da Previdência Social (que pode ser obtido no endereço eletrônico http://www2.dataprev.gov.br/fap/fap.htm), independentemente de alteração da alíquota da parcela do Seguro Acidente de Trabalho disposta no Quadro II da referida planilha.
A55: III | B55: Encargos Sociais - Grupo III: Tempo Não Trabalhado | H55: % | I55: Valor Mensal/unidade de serviço (R$)
A56: 1.a | B56: FÉRIAS GOZADAS + ADICIONAL DE FÉRIAS | H56: 0.111111 | I56: =$I$41*H56 -> 249.71733
A57: 1.b | B57: SUBSTITUTO NA COBERTURA DE FÉRIAS | H57: 0.009259 | I57: =$I$41*H57 -> 20.809215
A58: 2 | B58: FALTAS ABONADAS (3) | H58: 0.000356 | I58: =$I$41*H58 -> 0.80009511
A59: 3 | B59: FALTAS LEGAIS (4) | H59: 0.000356 | I59: =$I$41*H59 -> 0.80009511
A60: 4 | B60: LICENÇA MATERNIDADE | H60: 0.000389 | I60: =$I$41*H60 -> 0.87426123
A61: 5 | B61: LICENÇA PATERNIDADE | H61: 0.000194 | I61: =$I$41*H61 -> 0.43600689
A62: 6 | B62: ACIDENTE DE TRABALHO | H62: 0.000325 | I62: =$I$41*H62 -> 0.73042391
A63: 7 | B63: AVISO PRÉVIO TRABALHADO | H63: 0.000185 | I63: =$I$41*H63 -> 0.41577976
A64: 8 | B64: 13º SALÁRIO | H64: 0.083333 | I64: =$I$41*H64 -> 187.28743
A65: Total do Grupo III | H65: =SUM(H56:H64) -> 0.205508 | I65: =SUM(I56:I64) -> 461.87064
A66: (3) | B66: Faltas Justificadas por Auxílio Doença
A67: (4) | B67: Faltas Legais - Art. 473 CLT
A68: IV | B68: Encargos Sociais - Grupo IV: Indenizações | H68: % | I68: Valor Mensal/unidade de serviço (R$)
A69: 1 | B69: INDENIZAÇÕES | H69: 0.023627 | I69: =$I$41*H69 -> 53.100694
A70: 2 | B70: FGTS SOBRE INDENIZAÇÕES | H70: 0.001717 | I70: =$I$41*H70 -> 3.8588857
A71: 3 | B71: INDENIZAÇÃO COMPENSATÓRIA POR DEMISSÃO SEM JUSTA CAUSA | H71: 0.009451 | I71: =$I$41*H71 -> 21.240727
A72: Total do Grupo IV | H72: =SUM(H69:H71) -> 0.034795 | I72: =SUM(I69:I71) -> 78.200307
A74: V | B74: Encargos Sociais - Grupo V: Incidências | H74: % | I74: Valor Mensal/unidade de serviço (R$)
A75: 1 | B75: INCIDÊNCIA GRUPO II (Obrigações Sociais) X GRUPO III (Tempo Não Trabalhado) | H75: =(H52*H65) -> 0.075626944 | I75: =$I$41*H75 -> 169.96839
A76: Total do Grupo V | H76: =SUM(H75:H75) -> 0.075626944 | I76: =I75 -> 169.96839
A78: TOTAL DOS ENCAGOS SOCIAIS (II + III + IV + V) | H78: =H52+H65+H72+H76 -> 0.68392994 | I78: =I52+I65+I72+I76 -> 1537.1039
A80: VI | B80: Demais custos relativos à Norma Coletiva ou Disposições Legais - Grupo VI | H80: % | I80: Valor Mensal/unidade de serviço (R$)
A81: 1 | B81: Auxílio Alimentação | H81: =I81/$I$41 -> 0.21527119 | I81: =I98 -> 483.813
A82: 2 | B82: Auxílio Lanche | H82: =I82/$I$41 -> 0 | I82: =I94 -> 0
A83: 3 | B83: Vale-Transporte⁽⁵⁾ | H83: =I83/$I$41 -> 0.11376424 | I83: =I90 -> 255.68036
A84: 4 | B84: Adicional Intervalar | H84: =I84/$I$41 -> 0 | I84: =IF(I27="Não aplicável",0,((I10/H10)*1.5*I27)) -> 0
A85: 5 | B85: Outros | H85: =I85/$I$41 -> 0.046950818 | I85: =IF(I21="Não aplicável",0,I21)+IF(I22="Não aplicável",0,I22) -> 105.52
A86: Total do Grupo VI | H86: =SUM(H81:H85) -> 0.37598625 | I86: =SUM(I81:I85) -> 845.01336
A87: (5) | B87: O valor do vale-transporte pode variar de acordo com o modal fornecido pelo empregador.
A88: MEMÓRIA DE CÁLCULO DO VALE TRANSPORTE
A89: Valor Unitário | C89: Dias de Trabalho | D89: Vale p/dia | E89: Custo total | F89: Base de cálculo | G89: Percentual de desconto | H89: Valor desconto | I89: Custo efetivo
A90: =I12 -> 8 | C90: =I13 -> 22 | D90: 2 | E90: =A90*C90*D90 -> 352 | F90: =I32 -> 1605.3273 | G90: =I14 -> 0.06 | H90: =F90*G90 -> 96.319636 | I90: =IF((E90-H90)>0,E90-H90,0) -> 255.68036
A92: MEMÓRIA DE CÁLCULO DO VALE LANCHE
A93: Valor Unitário | C93: Dias por mês | D93: Vale p/dia | E93: Custo total | F93: Base de cálculo | G93: Percentual de desconto | H93: Valor desconto | I93: Custo efetivo
A94: =I18 -> 13.57 | C94: =I19 -> 0 | D94: 1 | E94: =A94*C94*D94 -> 0 | F94: =E94 -> 0 | G94: =I20 -> 0.19 | H94: =F94*G94 -> 0 | I94: =E94-H94 -> 0
A96: MEMÓRIA DE CÁLCULO DO VALE ALIMENTAÇÃO
A97: Valor Unitário | C97: Dias por mês | D97: Vale p/dia | E97: Custo total | F97: Base de cálculo | G97: Percentual de desconto | H97: =H89 -> Valor desconto | I97: Custo efetivo
A98: =I15 -> 27.15 | C98: =I16 -> 22 | D98: 1 | E98: =A98*C98*D98 -> 597.3 | F98: =E98 -> 597.3 | G98: =I17 -> 0.19 | H98: =F98*G98 -> 113.487 | I98: =E98-H98 -> 483.813
A100: TOTAL DO MONTANTE A (I + II + III+ IV + V +VI) | H100: =H41+H78+H86 -> 2.0599162 | I100: =I41+I78+I86 -> 4629.5755
A102: MONTANTE B
A103: I | B103: Despesas Diretas | H103: % | I103: Valor Mensal/unidade de serviço (R$)
A104: 1 | B104: Transporte (6) | H104: =I104/$I$115 -> 0
A105: 2 | B105: Uniformes | H105: =I105/$I$115 -> 0.00024006063 | I105: 1.05
A106: 3 | B106: Seguro de vida | H106: =I106/$I$115 -> 0.0056974388 | I106: 24.92
A107: 4 | B107: Equipamentos/EPI (6a) | H107: =I107/$I$115 -> 0.00029721792 | I107: 1.3
A108: 5 | B108: Mobilização (7) | H108: =I108/$I$115 -> 0.0025149208 | I108: 11
A109: 6 | B109: Outros (especificar) | H109: =I109/$I$115 -> 0
A110: Total de Despesas Diretas | H110: =H104+H105+H106+H107+H108+H109 -> 0.0087496382 | I110: =IF(SUM(I104:I109)<G113,SUM(I104:I109),"Excede Limite") -> 38.27
...

Sheet Aux. Limpeza 12x36h Diurno
A1: PLANILHA DE CUSTOS E FORMAÇÃO DE PREÇOS DE SERVIÇOS CONTINUADOS COM DEDICAÇÃO EXCLUSIVA DE MÃO DE OBRA
A2: PROCESSO: | C2: 16150/26 | E2: REGIME DE TRIBUTAÇÃO: LUCRO PRESUMIDO
A3: LICITAÇÃO/EDITAL | C3: PE/59/2026 | E3: ABERTURA: | F3: 46314
A5: Cargo/Função: | D5: Auxiliar de Limpeza (5143) | G5: =IF(D6="12x36","Regime de trabalho:","Quantidade de HORAS/MÊS") -> Regime de trabalho: | I5: =IF(D6="12x36",D6,5*D6) -> 12x36
A6: =IF(D6="12x36","Regime de trabalho:","Regime de trabalho (horas semanais):") -> Regime de trabalho: | D6: 12x36
A7: Convenção Coletiva de Trabalho: | D7: RS000041/2026 | G7: INSALUBRIDADE (10%, 20%, 40%) | I7: 0.4
A8: Origem do salário: | D8: CONVENÇÃO COLETIVA DE TRABALHO RS000041/2026
A9: Cidade: | D9: Nova Santa Rita | G9: PERICULOSIDADE (30%) | I9: Não aplicável
A10: Salário Normativo | G10: Vlr. do salário e nº de horas correspondentes | H10: 220 | I10: 1765.86
A11: ISS | H11: Alíquota | I11: 0.02
A12: Quantidade de dias trabalhados no mês | I12: 15
A13: Tarifa Transporte | G13: CCT | H13: Vr. Unitário | I13: 8
H14: Dias | I14: =I12 -> 15
H15: Desconto | I15: 0.06
A16: Auxílio Alimentação - CLÁUSULA 20ª DA CCT. | G16: CCT | H16: Vr. Unitário | I16: 27.15
H17: Dias | I17: =I12 -> 15
H18: Desconto | I18: 0.19
A19: Auxílio Lanche - CLÁUSULA 21ª DA CCT. | G19: CCT | H19: Vr. Unitário | I19: 13.57
H20: Dias | I20: 0
H21: Desconto | I21: 0.19
A22: PLANO DE BENEFÍCIO SOCIAL FAMILIAR CLÁUSULA 31ª DA CCT. | G22: CCT | H22: Valor mensal | I22: 25.52
A23: PRÊMIO ASSIDUIDADE CLÁUSULA 19ª DA CCT. | G23: CCT | H23: Valor mensal | I23: 80
A24: Adicional de Supervisor (37%) | H24: Porcentagem | I24: Não aplicável
A25: Base de cálculo da insalubridade | H25: Valor | I25: =I31 -> 1765.86
A26: Hora Intervalar (indenizada) | H26: Horas por mês | I26: 15
A27: Sem fornecimento de materiais ou apenas fornecimento de EPIs ou uniformes, utilizar 10%. Com fornecimento de materiais ou equipamentos, utilizar 20%. (Decreto 52.768/2015, alterado pelo Decreto 53.424/2017) | H27: Porcentagem | I27: 0.2
A29: MONTANTE A
A30: I | B30: Remuneração - Grupo I | H30: % | I30: Valor Mensal/unidade de serviço (R$)
A31: 1 | B31: Salário | H31: =I31/$I$39 -> 0.71428571 | I31: =IF(D6="12x36",I10,I10/H10*I5) -> 1765.86
A32: =A31+1 -> 2 | B32: Adicional Periculosidade 30% | H32: =I32/$I$39 -> 0 | I32: =IF(I9=30%,(I31)*I9,0) -> 0
A33: =A32+1 -> 3 | B33: Adicional Insalubridade 10% (Ver súmula 228 e 139 TST) | H33: =I33/$I$39 -> 0 | I33: =IF(I7=10%,I25*I7,0) -> 0
A34: =A33+1 -> 4 | B34: Adicional Insalubridade 20% (Ver súmula 228 e 139 TST) | H34: =I34/$I$39 -> 0 | I34: =IF(I7=20%,I25*I7,0) -> 0
A35: =A34+1 -> 5 | B35: Adicional Insalubridade 40% (Ver súmula 228 e 139 TST) | H35: =I35/$I$39 -> 0.28571429 | I35: =IF(I7=40%,I25*I7,0) -> 706.344
A36: =A35+1 -> 6 | B36: Adicional de Supervisor (IN 02/2008 MPOG SLTI) | H36: =I36/$I$39 -> 0 | I36: =IF(I24="Não aplicável",0,I31*I24) -> 0
A37: =A36+1 -> 7 | B37: DSR - Descanso Semanal Remunerado | H37: =I37/$I$39 -> 0 | I37: 0
A38: =A37+1 -> 8 | B38: =IF(D6="12x36","Para postos 12x36 os feriados são considerados compensados, conforme parágrafo único, Art. 59-A da CLT","Outros") -> Para postos 12x36 os feriados são considerados compensados, conforme parágrafo único, Art. 59-A da CLT | H38: =I38/$I$39 -> 0 | I38: 0
A39: Total de Remuneração | H39: =SUM(H31:H38) -> 1 | I39: =SUM(I31:I38) -> 2472.204
A41: II | B41: Encargos Sociais - Grupo II: Obrigações Sociais | H41: % | I41: Valor Mensal/unidade de serviço (R$)
A42: 1 | B42: INSS (art. 22, inc. I, Lei nº 8.212/91) | H42: 0.2 | I42: =$I$39*H42 -> 494.4408
A43: 2 | B43: SESI ou SESC (art. 30, Lei nº 8.036/90) | H43: 0.015 | I43: =$I$39*H43 -> 37.08306
A44: 3 | B44: SENAI ou SENAC (Decreto-Lei nº 2.318/86) | H44: 0.01 | I44: =$I$39*H44 -> 24.72204
A45: 4 | B45: INCRA (art. 15I, Lei Complementar nº 011/71) | H45: 0.002 | I45: =$I$39*H45 -> 4.944408
A46: 5 | B46: SALÁRIO EDUCAÇÃO (art. , inc. I, Decreto nº 87.043/82) | H46: 0.025 | I46: =$I$39*H46 -> 61.8051
A47: 6 | B47: FGTS (art. 15, Lei nº 8.036/90) | H47: 0.08 | I47: =$I$39*H47 -> 197.77632
A48: 7 | B48: SEG. ACIDENTE DO TRABALHO 1%, 2% e 3% (art. 22, inc. II, alíneas "b" e "c", da Lei nº 8.212/91) | H48: 0.03 | I48: =$I$39*H48 -> 74.16612
A49: 8 | B49: SEBRAE (§ 3º, art. 8º, Lei nº 8.029/90) | H49: 0.006 | I49: =$I$39*H49 -> 14.833224
A50: Total do Grupo II | H50: =SUM(H42:H49) -> 0.368 | I50: =SUM(I42:I49) -> 909.77107
A51: Os percentuais para o SAT podem variar de 0,50% a 6,00% em função do Fator de Acidente Previdenciário (FAP), Decreto nº 6.957/2009
A52: Deverá obrigatoriamente acompanhar a proposta de preços e a planilha de custos e formação de preços a prova do Fator Acidentário de Prevenção – FAP por meio de impressão de consulta ao site do Ministério da Previdência Social (que pode ser obtido no endereço eletrônico http://www2.dataprev.gov.br/fap/fap.htm), independentemente de alteração da alíquota da parcela do Seguro Acidente de Trabalho disposta no Quadro II da referida planilha.
A53: III | B53: Encargos Sociais - Grupo III: Tempo Não Trabalhado | H53: % | I53: Valor Mensal/unidade de serviço (R$)
A54: 1.a | B54: FÉRIAS GOZADAS + ADICIONAL DE FÉRIAS | H54: 0.111111 | I54: =$I$39*H54 -> 274.68906
A55: 1.b | B55: SUBSTITUTO NA COBERTURA DE FÉRIAS | H55: 0.009259 | I55: =$I$39*H55 -> 22.890137
A56: 2 | B56: FALTAS ABONADAS (3) | H56: 0.000356 | I56: =$I$39*H56 -> 0.88010462
A57: 3 | B57: FALTAS LEGAIS (4) | H57: 0.000356 | I57: =$I$39*H57 -> 0.88010462
A58: 4 | B58: LICENÇA MATERNIDADE | H58: 0.000389 | I58: =$I$39*H58 -> 0.96168736
A59: 5 | B59: LICENÇA PATERNIDADE | H59: 0.000194 | I59: =$I$39*H59 -> 0.47960758
A60: 6 | B60: ACIDENTE DE TRABALHO | H60: 0.000325 | I60: =$I$39*H60 -> 0.8034663
A61: 7 | B61: AVISO PRÉVIO TRABALHADO | H61: 0.000185 | I61: =$I$39*H61 -> 0.45735774
A62: 8 | B62: 13º SALÁRIO | H62: 0.083333 | I62: =$I$39*H62 -> 206.01618
A63: Total do Grupo III | H63: =SUM(H54:H62) -> 0.205508 | I63: =SUM(I54:I62) -> 508.0577
A64: (3) | B64: Faltas Justificadas por Auxílio Doença
A65: (4) | B65: Faltas Legais - Art. 473 CLT
A66: IV | B66: Encargos Sociais - Grupo IV: Indenizações | H66: % | I66: Valor Mensal/unidade de serviço (R$)
A67: 1 | B67: INDENIZAÇÕES | H67: 0.023627 | I67: =$I$39*H67 -> 58.410764
A68: 2 | B68: FGTS SOBRE INDENIZAÇÕES | H68: 0.001717 | I68: =$I$39*H68 -> 4.2447743
A69: 3 | B69: INDENIZAÇÃO COMPENSATÓRIA POR DEMISSÃO SEM JUSTA CAUSA | H69: 0.009451 | I69: =$I$39*H69 -> 23.3648
A70: Total do Grupo IV | H70: =SUM(H67:H69) -> 0.034795 | I70: =SUM(I67:I69) -> 86.020338
A72: V | B72: Encargos Sociais - Grupo V: Incidências | H72: % | I72: Valor Mensal/unidade de serviço (R$)
A73: 1 | B73: INCIDÊNCIA GRUPO II (Obrigações Sociais) X GRUPO III (Tempo Não Trabalhado) | H73: =(H50*H63) -> 0.075626944 | I73: =$I$39*H73 -> 186.96523
A74: Total do Grupo V | H74: =SUM(H73:H73) -> 0.075626944 | I74: =I73 -> 186.96523
A76: TOTAL DOS ENCAGOS SOCIAIS (II + III + IV + V) | H76: =H50+H63+H70+H74 -> 0.68392994 | I76: =I50+I63+I70+I74 -> 1690.8143
A78: VI | B78: Demais custos relativos à Norma Coletiva ou Disposições Legais - Grupo VI | H78: % | I78: Valor Mensal/unidade de serviço (R$)
A79: 1 | B79: Auxílio Alimentação | H79: =I79/$I$39 -> 0.13343256 | I79: =I96 -> 329.8725
A80: 2 | B80: Auxílio Lanche | H80: =I80/$I$39 -> 0 | I80: =I92 -> 0
A81: 3 | B81: Vale-Transporte⁽⁵⁾ | H81: =I81/$I$39 -> 0.054222224 | I81: =I88 -> 134.0484
A82: 4 | B82: Adicional Intervalar | H82: =I82/$I$39 -> 0.073051948 | I82: =IF(I26="Não aplicável",0,((I10/H10)*1.5*I26)) -> 180.59932
A83: 5 | B83: Outros | H83: =I83/$I$39 -> 0.042682562 | I83: =IF(I23="Não aplicável",0,I23)+IF(I22="Não aplicável",0,I22) -> 105.52
A84: Total do Grupo VI | H84: =SUM(H79:H83) -> 0.30338929 | I84: =SUM(I79:I83) -> 750.04022
A85: (5) | B85: O valor do vale-transporte pode variar de acordo com o modal fornecido pelo empregador.
A86: MEMÓRIA DE CÁLCULO DO VALE TRANSPORTE
A87: Valor Unitário | C87: Dias de Trabalho | D87: Vale p/dia | E87: Custo total | F87: Base de cálculo | G87: Percentual de desconto | H87: Valor desconto | I87: Custo efetivo
A88: =I13 -> 8 | C88: =I14 -> 15 | D88: 2 | E88: =A88*C88*D88 -> 240 | F88: =I31 -> 1765.86 | G88: =I15 -> 0.06 | H88: =F88*G88 -> 105.9516 | I88: =IF((E88-H88)>0,E88-H88,0) -> 134.0484
A90: MEMÓRIA DE CÁLCULO DO VALE LANCHE
A91: Valor Unitário | C91: Dias por mês | D91: Vale p/dia | E91: Custo total | F91: Base de cálculo | G91: Percentual de desconto | H91: Valor desconto | I91: Custo efetivo
A92: =I19 -> 13.57 | C92: =I20 -> 0 | D92: 1 | E92: =A92*C92*D92 -> 0 | F92: =E92 -> 0 | G92: =I21 -> 0.19 | H92: =F92*G92 -> 0 | I92: =E92-H92 -> 0
A94: MEMÓRIA DE CÁLCULO DO VALE ALIMENTAÇÃO
A95: Valor Unitário | C95: Dias por mês | D95: Vale p/dia | E95: Custo total | F95: Base de cálculo | G95: Percentual de desconto | H95: =H87 -> Valor desconto | I95: Custo efetivo
A96: =I16 -> 27.15 | C96: =I17 -> 15 | D96: 1 | E96: =A96*C96*D96 -> 407.25 | F96: =E96 -> 407.25 | G96: =I18 -> 0.19 | H96: =F96*G96 -> 77.3775 | I96: =E96-H96 -> 329.8725
A98: TOTAL DO MONTANTE A (I + II + III+ IV + V +VI) | H98: =H39+H76+H84 -> 1.9873192 | I98: =I39+I76+I84 -> 4913.0586
A100: MONTANTE B
A101: I | B101: Despesas Diretas | H101: % | I101: Valor Mensal/unidade de serviço (R$)
A102: 1 | B102: Transporte (6) | H102: =I102/$I$113 -> 0
A103: 2 | B103: Uniformes | H103: =I103/$I$113 -> 0.00021971077 | I103: 1.05
A104: 3 | B104: Seguro de vida | H104: =I104/$I$113 -> 0.0057354973 | I104: 27.41
A105: 4 | B105: Equipamentos/EPI (6a) | H105: =I105/$I$113 -> 0.00027202286 | I105: 1.3
A106: 5 | B106: Mobilização (7) | H106: =I106/$I$113 -> 0.0023017319 | I106: 11
A107: 6 | B107: Outros (especificar) | H107: =I107/$I$113 -> 0
A108: Total de Despesas Diretas | H108: =H102+H103+H104+H105+H106+H107 -> 0.0085289628 | I108: =IF(SUM(I102:I107)<G111,SUM(I102:I107),"Excede Limite") -> 40.76
B109: (6) Somente será preenchido quando o licitante fornecer transporte próprio (6a) EPI - Equipamento de Proteção Individual (7) Tais custos de mobilização não são renováveis, devendo ser eliminados após o primeiro ano de contrato caso haja prorrogação
A111: LIMITE QUADRO I (Despesas Diretas) sobre Montante A (exceto Vale-transporte), conforme alíneas "b.2" e "b.3", Inc. II, art. 7º, do Decreto 52.768/2015, alterado pelo Decreto 53.424/2017: 10% SEM MATERIAIS/EQUIPAMENTOS; 20% COM MATERIAIS/EQUIPAMENTOS | F111: =I27 -> 0.2 | G111: =I113*F111 -> 955.80203 | H111: Dedução Vale Transporte | I111: =I81 -> 134.0484
...

Sheet Aux. Limpeza 12x36h Noturno
A1: PLANILHA DE CUSTOS E FORMAÇÃO DE PREÇOS DE SERVIÇOS CONTINUADOS COM DEDICAÇÃO EXCLUSIVA DE MÃO DE OBRA
A2: PROCESSO: | C2: 16150/26 | E2: REGIME DE TRIBUTAÇÃO: LUCRO PRESUMIDO
A3: LICITAÇÃO/EDITAL | C3: PE/59/2026 | E3: ABERTURA: | F3: 46314
A5: Cargo/Função: | D5: Auxiliar de Limpeza (5143) | G5: =IF(D6="12x36","Regime de trabalho:","Quantidade de HORAS/MÊS") -> Regime de trabalho: | I5: =IF(D6="12x36",D6,5*D6) -> 12x36
A6: =IF(D6="12x36","Regime de trabalho:","Regime de trabalho (horas semanais):") -> Regime de trabalho: | D6: 12x36
A7: Convenção Coletiva de Trabalho: | D7: RS000041/2026 | G7: INSALUBRIDADE (10%, 20%, 40%) | I7: 0.4
A8: Origem do salário: | D8: CONVENÇÃO COLETIVA DE TRABALHO RS000041/2026
A9: Cidade: | D9: Nova Santa Rita | G9: PERICULOSIDADE (30%) | I9: Não aplicável
A10: Salário Normativo | G10: Vlr. do salário e nº de horas correspondentes | H10: 220 | I10: 1765.86
A11: ISS | G11: =D9 -> Nova Santa Rita | H11: Alíquota | I11: 0.02
A12: Quantidade de dias trabalhados no mês | I12: 15
A13: Tarifa Transporte | G13: CCT | H13: Vr. Unitário | I13: 8
H14: Dias | I14: =I12 -> 15
H15: Desconto | I15: 0.06
A16: Auxílio Alimentação - CLÁUSULA 20ª DA CCT. | G16: CCT | H16: Vr. Unitário | I16: 27.15
H17: Dias | I17: =I12 -> 15
H18: Desconto | I18: 0.19
A19: Auxílio Lanche - CLÁUSULA 21ª DA CCT. | G19: CCT | H19: Vr. Unitário | I19: 13.57
H20: Dias | I20: 0
H21: Desconto | I21: 0.19
A22: PLANO DE BENEFÍCIO SOCIAL FAMILIAR CLÁUSULA 31ª DA CCT. | G22: CCT | H22: Valor mensal | I22: 25.52
A23: PRÊMIO ASSIDUIDADE CLÁUSULA 19ª DA CCT. | G23: CCT | H23: Valor mensal | I23: 80
A24: Adicional de Supervisor (37%) | H24: Porcentagem | I24: Não aplicável
A25: Base de cálculo da insalubridade | H25: Valor | I25: =I35 -> 1765.86
A26: Hora Intervalar (indenizada) | H26: Horas por mês | I26: 15
A27: Sem fornecimento de materiais ou apenas fornecimento de EPIs ou uniformes, utilizar 10%. Com fornecimento de materiais ou equipamentos, utilizar 20%. (Decreto 52.768/2015, alterado pelo Decreto 53.424/2017) | H27: Porcentagem | I27: 0.2
A28: Adicional Noturno: Horas: [(60/52,5) x Nº de horas noturnas diárias] x Nº de dias trabalhados com hora noturna Valor hora: (vlr. do salário/nº de horas correspondente do salário) x 20% (noturno) | G28: CCT | H28: Nº horas | I28: =((60/52.5)*7)*15 -> 120
H29: Vr. Hora | I29: =ROUND(I10/H10*20%,2) -> 1.61
A30: Reduzida Noturna Horas Reduzidas: 60/52,5=1,143 x 7h noturnas = 8h noturnas 5h diurnas + 8h noturnas = 13h X 15 dias = 195 horas mensais 195h - 190,67 = 4,33 horas Valor hora: (vlr. do salário/nº de horas correspondente do salário) x 150% (H.Extra) | G30: CCT | H30: Nº horas | I30: =((5+7+1)*15)-190.67 -> 4.33
H31: Vr. Hora | I31: =ROUND((I10/H10)*1.5,2) -> 12.04
A33: MONTANTE A
A34: I | B34: Remuneração - Grupo I | H34: % | I34: Valor Mensal/unidade de serviço (R$)
A35: 1 | B35: Salário | H35: =I35/$I$46 -> 0.63827714 | I35: =IF(D6="12x36",I10,I10/H10*I5) -> 1765.86
A36: =A35+1 -> 2 | B36: Adicional Noturno 20% (Ver súmula 60 TST) | H36: =I36/$I$46 -> 0 | I36: 0
A37: =A36+1 -> 3 | B37: Adicional Periculosidade 30% | H37: =I37/$I$46 -> 0 | I37: =IF(I9=30%,(I35+I42+I43+I44)*I9,0) -> 0
A38: =A37+1 -> 4 | B38: Adicional Insalubridade 10% (Ver súmula 228 e 139 TST) | H38: =I38/$I$46 -> 0 | I38: =IF(I7=10%,I25*I7,0) -> 0
A39: =A38+1 -> 5 | B39: Adicional Insalubridade 20% (Ver súmula 228 e 139 TST) | H39: =I39/$I$46 -> 0 | I39: =IF(I7=20%,I25*I7,0) -> 0
A40: =A39+1 -> 6 | B40: Adicional Insalubridade 40% (Ver súmula 228 e 139 TST) | H40: =I40/$I$46 -> 0.25531086 | I40: =IF(I7=40%,I25*I7,0) -> 706.344
A41: =A40+1 -> 7 | B41: Adicional de Supervisor (IN 02/2008 MPOG SLTI) | H41: =I41/$I$46 -> 0 | I41: =IF(I24="Não aplicável",0,I35*I24) -> 0
A42: =A41+1 -> 8 | B42: Reduzida Noturna | H42: =I42/$I$46 -> 0.018843753 | I42: =I30*I31 -> 52.1332
A43: =A42+1 -> 9 | B43: Adicional Noturno | H43: =I43/$I$46 -> 0.069832911 | I43: =I28*I29 -> 193.2
A44: =A43+1 -> 10 | B44: Integração RSRF (20%) sobre H. Extra Red. Noturna e Adic Noturno = [Reduzida Noturna + Adic. Noturno]*[Descanso Semanal Remunerado] (20%) | H44: =I44/$I$46 -> 0.017735333 | I44: =(I42+I43)*0.2 -> 49.06664
A45: =A44+1 -> 11 | B45: =IF(D6="12x36","Para postos 12x36 os feriados são considerados compensados, conforme parágrafo único, Art. 59-A da CLT","Outros") -> Para postos 12x36 os feriados são considerados compensados, conforme parágrafo único, Art. 59-A da CLT | H45: =I45/$I$46 -> 0 | I45: 0
A46: Total de Remuneração | H46: =SUM(H35:H45) -> 1 | I46: =SUM(I35:I45) -> 2766.6038
A48: II | B48: Encargos Sociais - Grupo II: Obrigações Sociais | H48: % | I48: Valor Mensal/unidade de serviço (R$)
A49: 1 | B49: INSS (art. 22, inc. I, Lei nº 8.212/91) | H49: 0.2 | I49: =$I$46*H49 -> 553.32077
A50: 2 | B50: SESI ou SESC (art. 30, Lei nº 8.036/90) | H50: 0.015 | I50: =$I$46*H50 -> 41.499058
A51: 3 | B51: SENAI ou SENAC (Decreto-Lei nº 2.318/86) | H51: 0.01 | I51: =$I$46*H51 -> 27.666038
A52: 4 | B52: INCRA (art. 15I, Lei Complementar nº 011/71) | H52: 0.002 | I52: =$I$46*H52 -> 5.5332077
A53: 5 | B53: SALÁRIO EDUCAÇÃO (art. , inc. I, Decreto nº 87.043/82) | H53: 0.025 | I53: =$I$46*H53 -> 69.165096
A54: 6 | B54: FGTS (art. 15, Lei nº 8.036/90) | H54: 0.08 | I54: =$I$46*H54 -> 221.32831
A55: 7 | B55: SEG. ACIDENTE DO TRABALHO 1%, 2% e 3% (art. 22, inc. II, alíneas "b" e "c", da Lei nº 8.212/91) | H55: 0.03 | I55: =$I$46*H55 -> 82.998115
A56: 8 | B56: SEBRAE (§ 3º, art. 8º, Lei nº 8.029/90) | H56: 0.006 | I56: =$I$46*H56 -> 16.599623
A57: Total do Grupo II | H57: =SUM(H49:H56) -> 0.368 | I57: =SUM(I49:I56) -> 1018.1102
A58: Os percentuais para o SAT podem variar de 0,50% a 6,00% em função do Fator de Acidente Previdenciário (FAP), Decreto nº 6.957/2009
A59: Deverá obrigatoriamente acompanhar a proposta de preços e a planilha de custos e formação de preços a prova do Fator Acidentário de Prevenção – FAP por meio de impressão de consulta ao site do Ministério da Previdência Social (que pode ser obtido no endereço eletrônico http://www2.dataprev.gov.br/fap/fap.htm), independentemente de alteração da alíquota da parcela do Seguro Acidente de Trabalho disposta no Quadro II da referida planilha.
A60: III | B60: Encargos Sociais - Grupo III: Tempo Não Trabalhado | H60: % | I60: Valor Mensal/unidade de serviço (R$)
A61: 1.a | B61: FÉRIAS GOZADAS + ADICIONAL DE FÉRIAS | H61: 0.111111 | I61: =$I$46*H61 -> 307.40012
A62: 1.b | B62: SUBSTITUTO NA COBERTURA DE FÉRIAS | H62: 0.009259 | I62: =$I$46*H62 -> 25.615985
A63: 2 | B63: FALTAS ABONADAS (3) | H63: 0.000356 | I63: =$I$46*H63 -> 0.98491097
A64: 3 | B64: FALTAS LEGAIS (4) | H64: 0.000356 | I64: =$I$46*H64 -> 0.98491097
A65: 4 | B65: LICENÇA MATERNIDADE | H65: 0.000389 | I65: =$I$46*H65 -> 1.0762089
A66: 5 | B66: LICENÇA PATERNIDADE | H66: 0.000194 | I66: =$I$46*H66 -> 0.53672114
A67: 6 | B67: ACIDENTE DE TRABALHO | H67: 0.000325 | I67: =$I$46*H67 -> 0.89914625
A68: 7 | B68: AVISO PRÉVIO TRABALHADO | H68: 0.000185 | I68: =$I$46*H68 -> 0.51182171
A69: 8 | B69: 13º SALÁRIO | H69: 0.083333 | I69: =$I$46*H69 -> 230.5494
A70: Total do Grupo III | H70: =SUM(H61:H69) -> 0.205508 | I70: =SUM(I61:I69) -> 568.55922
A71: (3) | B71: Faltas Justificadas por Auxílio Doença
A72: (4) | B72: Faltas Legais - Art. 473 CLT
A73: IV | B73: Encargos Sociais - Grupo IV: Indenizações | H73: % | I73: Valor Mensal/unidade de serviço (R$)
A74: 1 | B74: INDENIZAÇÕES | H74: 0.023627 | I74: =$I$46*H74 -> 65.366549
A75: 2 | B75: FGTS SOBRE INDENIZAÇÕES | H75: 0.001717 | I75: =$I$46*H75 -> 4.7502588
A76: 3 | B76: INDENIZAÇÃO COMPENSATÓRIA POR DEMISSÃO SEM JUSTA CAUSA | H76: 0.009451 | I76: =$I$46*H76 -> 26.147173
A77: Total do Grupo IV | H77: =SUM(H74:H76) -> 0.034795 | I77: =SUM(I74:I76) -> 96.263981
A79: V | B79: Encargos Sociais - Grupo V: Incidências | H79: % | I79: Valor Mensal/unidade de serviço (R$)
A80: 1 | B80: INCIDÊNCIA GRUPO II (Obrigações Sociais) X GRUPO III (Tempo Não Trabalhado) | H80: =(H57*H70) -> 0.075626944 | I80: =$I$46*H80 -> 209.22979
A81: Total do Grupo V | H81: =SUM(H80:H80) -> 0.075626944 | I81: =I80 -> 209.22979
A83: TOTAL DOS ENCAGOS SOCIAIS (II + III + IV + V) | H83: =H57+H70+H77+H81 -> 0.68392994 | I83: =I57+I70+I77+I81 -> 1892.1632
A85: VI | B85: Demais custos relativos à Norma Coletiva ou Disposições Legais - Grupo VI | H85: % | I85: Valor Mensal/unidade de serviço (R$)
A86: 1 | B86: Auxílio Alimentação | H86: =I86/$I$46 -> 0.11923373 | I86: =I103 -> 329.8725
A87: 2 | B87: Auxílio Lanche | H87: =I87/$I$46 -> 0 | I87: =I99 -> 0
A88: 3 | B88: Vale-Transporte⁽⁵⁾ | H88: =I88/$I$46 -> 0.048452329 | I88: =I95 -> 134.0484
A89: 4 | B89: Adicional Intervalar | H89: =I89/$I$46 -> 0.065278344 | I89: =IF(I26="Não aplicável",0,((I10/H10)*1.5*I26)) -> 180.59932
A90: 5 | B90: Outros | H90: =I90/$I$46 -> 0.038140625 | I90: =IF(I23="Não aplicável",0,I23)+IF(I22="Não aplicável",0,I22) -> 105.52
A91: Total do Grupo VI | H91: =SUM(H86:H90) -> 0.27110503 | I91: =SUM(I86:I90) -> 750.04022
A93: MEMÓRIA DE CÁLCULO DO VALE TRANSPORTE
A94: Valor Unitário | C94: Dias de Trabalho | D94: Vale p/dia | E94: Custo total | F94: Base de cálculo | G94: Percentual de desconto | H94: Valor desconto | I94: Custo efetivo
A95: =I13 -> 8 | C95: =I14 -> 15 | D95: 2 | E95: =A95*C95*D95 -> 240 | F95: =I35 -> 1765.86 | G95: =I15 -> 0.06 | H95: =F95*G95 -> 105.9516 | I95: =IF((E95-H95)>0,E95-H95,0) -> 134.0484
A97: MEMÓRIA DE CÁLCULO DO VALE LANCHE
A98: Valor Unitário | C98: Dias por mês | D98: Vale p/dia | E98: Custo total | F98: Base de cálculo | G98: Percentual de desconto | H98: Valor desconto | I98: Custo efetivo
A99: =I19 -> 13.57 | C99: =I20 -> 0 | D99: 1 | E99: =A99*C99*D99 -> 0 | F99: =E99 -> 0 | G99: =I21 -> 0.19 | H99: =F99*G99 -> 0 | I99: =E99-H99 -> 0
A101: MEMÓRIA DE CÁLCULO DO VALE ALIMENTAÇÃO
A102: Valor Unitário | C102: Dias por mês | D102: Vale p/dia | E102: Custo total | F102: Base de cálculo | G102: Percentual de desconto | H102: =H94 -> Valor desconto | I102: Custo efetivo
A103: =I16 -> 27.15 | C103: =I17 -> 15 | D103: 1 | E103: =A103*C103*D103 -> 407.25 | F103: =E103 -> 407.25 | G103: =I18 -> 0.19 | H103: =F103*G103 -> 77.3775 | I103: =E103-H103 -> 329.8725
A105: TOTAL DO MONTANTE A (I + II + III+ IV + V +VI) | H105: =H46+H83+H91 -> 1.955035 | I105: =I46+I83+I91 -> 5408.8073
A107: MONTANTE B
A108: I | B108: Despesas Diretas | H108: % | I108: Valor Mensal/unidade de serviço (R$)
A109: 1 | B109: Transporte (6) | H109: =I109/$I$120 -> 0
A110: 2 | B110: Uniformes | H110: =I110/$I$120 -> 0.00019906123 | I110: 1.05
A111: 3 | B111: Seguro de vida | H111: =I111/$I$120 -> 0.0058144838 | I111: 30.67
...

Sheet Auxiliar de Limpeza 20h
A1: PLANILHA DE CUSTOS E FORMAÇÃO DE PREÇOS DE SERVIÇOS CONTINUADOS COM DEDICAÇÃO EXCLUSIVA DE MÃO DE OBRA
A2: PROCESSO: | C2: 16150/26 | E2: REGIME DE TRIBUTAÇÃO: LUCRO PRESUMIDO
A3: LICITAÇÃO/EDITAL | C3: PE/59/2026 | E3: ABERTURA: | F3: 46314
A5: Cargo/Função: | D5: Auxiliar de Limpeza (5143) | G5: =IF(D6="12x36","Regime de trabalho:","Quantidade de HORAS/MÊS") -> Quantidade de HORAS/MÊS | I5: =IF(D6="12x36",D6,5*D6) -> 100
A6: =IF(D6="12x36","Regime de trabalho:","Regime de trabalho (horas semanais):") -> Regime de trabalho (horas semanais): | D6: 20
A7: Convenção Coletiva de Trabalho: | D7: RS000041/2026 | G7: INSALUBRIDADE (10%, 20%, 40%) | I7: 0.4
A8: Origem do salário: | D8: CONVENÇÃO COLETIVA DE TRABALHO RS000041/2026
A9: Cidade: | D9: Nova Santa Rita | G9: PERICULOSIDADE (30%) | I9: Não aplicável
A10: Salário Normativo | G10: Vlr. do salário e nº de horas correspondentes | H10: 220 | I10: 1765.86
A11: ISS | G11: =D9 -> Nova Santa Rita | H11: Alíquota | I11: 0.02
A12: Tarifa Transporte | G12: CCT | H12: Vr. Unitário | I12: 8
H13: Dias | I13: 22
H14: Desconto | I14: 0.06
A15: Auxílio Alimentação - CLÁUSULA 20ª DA CCT. | G15: CCT | H15: Vr. Unitário | I15: 27.15
H16: Dias | I16: 22
H17: Desconto | I17: 0.19
A18: Auxílio Lanche - CLÁUSULA 21ª DA CCT. | G18: CCT | H18: Vr. Unitário | I18: 13.57
H19: Dias | I19: 0
H20: Desconto | I20: 0.19
A21: PLANO DE BENEFÍCIO SOCIAL FAMILIAR CLÁUSULA 31ª DA CCT. | G21: CCT | H21: Valor mensal | I21: 25.52
A22: PRÊMIO ASSIDUIDADE CLÁUSULA 19ª DA CCT. | G22: CCT | H22: Valor mensal | I22: 80
A23: Adicional de Supervisor (37%) | H23: Porcentagem | I23: Não aplicável
A24: Base de cálculo da insalubridade | H24: Valor | I24: =I32 -> 802.66364
A25: Quantitativo de horas trabalhadas em feriados no mês (estimado) - Não aplicável para postos 12x36 | H25: Horas por mês | I25: Não aplicável
H26: Acréscimo da hora extra | I26: Não aplicável
A27: Hora Intervalar (somente para postos 12x36, quando for o caso) | H27: Horas por mês | I27: Não aplicável
A28: Sem fornecimento de materiais ou apenas fornecimento de EPIs ou uniformes, utilizar 10%. Com fornecimento de materiais ou equipamentos, utilizar 20%. (Decreto 52.768/2015, alterado pelo Decreto 53.424/2017) | H28: Porcentagem | I28: 0.2
A30: MONTANTE A
A31: I | B31: Remuneração - Grupo I | H31: % | I31: Valor Mensal/unidade de serviço (R$)
A32: 1 | B32: Salário | H32: =I32/$I$41 -> 0.71428571 | I32: =IF(D6="12x36",I10,I10/H10*I5) -> 802.66364
A33: =A32+1 -> 2 | B33: Adicional Periculosidade 30% (Ver súmulas 364, 132 e 191 do TST) | H33: =I33/$I$41 -> 0 | I33: =IF(I9=30%,I32*I9,0) -> 0
A34: =A33+1 -> 3 | B34: Adicional Insalubridade 10% (Ver súmula 228 e 139 TST) | H34: =I34/$I$41 -> 0 | I34: =IF(I7=10%,I24*I7,0) -> 0
A35: =A34+1 -> 4 | B35: Adicional Insalubridade 20% (Ver súmula 228 e 139 TST) | H35: =I35/$I$41 -> 0 | I35: =IF(I7=20%,I24*I7,0) -> 0
A36: =A35+1 -> 5 | B36: Adicional Insalubridade 40% (Ver súmula 228 e 139 TST) | H36: =I36/$I$41 -> 0.28571429 | I36: =IF(I7=40%,I24*I7,0) -> 321.06545
A37: =A36+1 -> 6 | B37: Adicional de Supervisor (IN 05/2017 MPOG SLTI) | H37: =I37/$I$41 -> 0 | I37: =IF(I23="Não aplicável",0,I32*I23) -> 0
A38: =A37+1 -> 7 | B38: Feriados | H38: =I38/$I$41 -> 0 | I38: =IF(I25="Não aplicável",0,(I32+I33+I34+I35+I36+I37+I40)/I5*I25*(1+I26)) -> 0
A39: =A38+1 -> 8 | B39: DSR = número total das horas extras do mês / número de dias úteis X domingos e feriados do mês X valor da hora extra com acréscimo | H39: =I39/$I$41 -> 0 | I39: =IF(I25="Não aplicável",0,I25/I13*5*(I10/H10*(1+I26))) -> 0
A40: =A39+1 -> 9 | B40: =IF(D6="12x36","Para postos 12x36 os feriados são considerados compensados, conforme parágrafo único, Art. 59-A da CLT","Outros") -> Outros | H40: =I40/$I$41 -> 0 | I40: 0
A41: Total de Remuneração | H41: =SUM(H32:H40) -> 1 | I41: =SUM(I32:I40) -> 1123.7291
A43: II | B43: Encargos Sociais - Grupo II: Obrigações Sociais | H43: % | I43: Valor Mensal/unidade de serviço (R$)
A44: 1 | B44: INSS (art. 22, inc. I, Lei nº 8.212/91) | H44: 0.2 | I44: =$I$41*H44 -> 224.74582
A45: 2 | B45: SESI ou SESC (art. 30, Lei nº 8.036/90) | H45: 0.015 | I45: =$I$41*H45 -> 16.855936
A46: 3 | B46: SENAI ou SENAC (Decreto-Lei nº 2.318/86) | H46: 0.01 | I46: =$I$41*H46 -> 11.237291
A47: 4 | B47: INCRA (art. 15I, Lei Complementar nº 011/71) | H47: 0.002 | I47: =$I$41*H47 -> 2.2474582
A48: 5 | B48: SALÁRIO EDUCAÇÃO (art. , inc. I, Decreto nº 87.043/82) | H48: 0.025 | I48: =$I$41*H48 -> 28.093227
A49: 6 | B49: FGTS (art. 15, Lei nº 8.036/90) | H49: 0.08 | I49: =$I$41*H49 -> 89.898327
A50: 7 | B50: SEG. ACIDENTE DO TRABALHO 1%, 2% e 3% (art. 22, inc. II, alíneas "b" e "c", da Lei nº 8.212/91) | H50: 0.03 | I50: =$I$41*H50 -> 33.711873
A51: 8 | B51: SEBRAE (§ 3º, art. 8º, Lei nº 8.029/90) | H51: 0.006 | I51: =$I$41*H51 -> 6.7423745
A52: Total do Grupo II | H52: =SUM(H44:H51) -> 0.368 | I52: =SUM(I44:I51) -> 413.53231
A53: Os percentuais para o SAT podem variar de 0,50% a 6,00% em função do Fator de Acidente Previdenciário (FAP), Decreto nº 6.957/2009
A54: Deverá obrigatoriamente acompanhar a proposta de preços e a planilha de custos e formação de preços a prova do Fator Acidentário de Prevenção – FAP por meio de impressão de consulta ao site do Ministério da Previdência Social (que pode ser obtido no endereço eletrônico http://www2.dataprev.gov.br/fap/fap.htm), independentemente de alteração da alíquota da parcela do Seguro Acidente de Trabalho disposta no Quadro II da referida planilha.
A55: III | B55: Encargos Sociais - Grupo III: Tempo Não Trabalhado | H55: % | I55: Valor Mensal/unidade de serviço (R$)
A56: 1.a | B56: FÉRIAS GOZADAS + ADICIONAL DE FÉRIAS | H56: 0.111111 | I56: =$I$41*H56 -> 124.85866
A57: 1.b | B57: SUBSTITUTO NA COBERTURA DE FÉRIAS | H57: 0.009259 | I57: =$I$41*H57 -> 10.404608
A58: 2 | B58: FALTAS ABONADAS (3) | H58: 0.000356 | I58: =$I$41*H58 -> 0.40004756
A59: 3 | B59: FALTAS LEGAIS (4) | H59: 0.000356 | I59: =$I$41*H59 -> 0.40004756
A60: 4 | B60: LICENÇA MATERNIDADE | H60: 0.000389 | I60: =$I$41*H60 -> 0.43713062
A61: 5 | B61: LICENÇA PATERNIDADE | H61: 0.000194 | I61: =$I$41*H61 -> 0.21800344
A62: 6 | B62: ACIDENTE DE TRABALHO | H62: 0.000325 | I62: =$I$41*H62 -> 0.36521195
A63: 7 | B63: AVISO PRÉVIO TRABALHADO | H63: 0.000185 | I63: =$I$41*H63 -> 0.20788988
A64: 8 | B64: 13º SALÁRIO | H64: 0.083333 | I64: =$I$41*H64 -> 93.643716
A65: Total do Grupo III | H65: =SUM(H56:H64) -> 0.205508 | I65: =SUM(I56:I64) -> 230.93532
A66: (3) | B66: Faltas Justificadas por Auxílio Doença
A67: (4) | B67: Faltas Legais - Art. 473 CLT
A68: IV | B68: Encargos Sociais - Grupo IV: Indenizações | H68: % | I68: Valor Mensal/unidade de serviço (R$)
A69: 1 | B69: INDENIZAÇÕES | H69: 0.023627 | I69: =$I$41*H69 -> 26.550347
A70: 2 | B70: FGTS SOBRE INDENIZAÇÕES | H70: 0.001717 | I70: =$I$41*H70 -> 1.9294428
A71: 3 | B71: INDENIZAÇÃO COMPENSATÓRIA POR DEMISSÃO SEM JUSTA CAUSA | H71: 0.009451 | I71: =$I$41*H71 -> 10.620364
A72: Total do Grupo IV | H72: =SUM(H69:H71) -> 0.034795 | I72: =SUM(I69:I71) -> 39.100154
A74: V | B74: Encargos Sociais - Grupo V: Incidências | H74: % | I74: Valor Mensal/unidade de serviço (R$)
A75: 1 | B75: INCIDÊNCIA GRUPO II (Obrigações Sociais) X GRUPO III (Tempo Não Trabalhado) | H75: =(H52*H65) -> 0.075626944 | I75: =$I$41*H75 -> 84.984197
A76: Total do Grupo V | H76: =SUM(H75:H75) -> 0.075626944 | I76: =I75 -> 84.984197
A78: TOTAL DOS ENCAGOS SOCIAIS (II + III + IV + V) | H78: =H52+H65+H72+H76 -> 0.68392994 | I78: =I52+I65+I72+I76 -> 768.55197
A80: VI | B80: Demais custos relativos à Norma Coletiva ou Disposições Legais - Grupo VI | H80: % | I80: Valor Mensal/unidade de serviço (R$)
A81: 1 | B81: Auxílio Alimentação | H81: =I81/$I$41 -> 0.43054238 | I81: =I98 -> 483.813
A82: 2 | B82: Auxílio Lanche | H82: =I82/$I$41 -> 0 | I82: =I94 -> 0
A83: 3 | B83: Vale-Transporte⁽⁵⁾ | H83: =I83/$I$41 -> 0.27038562 | I83: =I90 -> 303.84018
A84: 4 | B84: Adicional Intervalar | H84: =I84/$I$41 -> 0 | I84: =IF(I27="Não aplicável",0,((I10/H10)*1.5*I27)) -> 0
A85: 5 | B85: Outros | H85: =I85/$I$41 -> 0.093901636 | I85: =IF(I21="Não aplicável",0,I21)+IF(I22="Não aplicável",0,I22) -> 105.52
A86: Total do Grupo VI | H86: =SUM(H81:H85) -> 0.79482963 | I86: =SUM(I81:I85) -> 893.17318
A87: (5) | B87: O valor do vale-transporte pode variar de acordo com o modal fornecido pelo empregador.
A88: MEMÓRIA DE CÁLCULO DO VALE TRANSPORTE
A89: Valor Unitário | C89: Dias de Trabalho | D89: Vale p/dia | E89: Custo total | F89: Base de cálculo | G89: Percentual de desconto | H89: Valor desconto | I89: Custo efetivo
A90: =I12 -> 8 | C90: =I13 -> 22 | D90: 2 | E90: =A90*C90*D90 -> 352 | F90: =I32 -> 802.66364 | G90: =I14 -> 0.06 | H90: =F90*G90 -> 48.159818 | I90: =IF((E90-H90)>0,E90-H90,0) -> 303.84018
A92: MEMÓRIA DE CÁLCULO DO VALE LANCHE
A93: Valor Unitário | C93: Dias por mês | D93: Vale p/dia | E93: Custo total | F93: Base de cálculo | G93: Percentual de desconto | H93: Valor desconto | I93: Custo efetivo
A94: =I18 -> 13.57 | C94: =I19 -> 0 | D94: 1 | E94: =A94*C94*D94 -> 0 | F94: =E94 -> 0 | G94: =I20 -> 0.19 | H94: =F94*G94 -> 0 | I94: =E94-H94 -> 0
A96: MEMÓRIA DE CÁLCULO DO VALE ALIMENTAÇÃO
A97: Valor Unitário | C97: Dias por mês | D97: Vale p/dia | E97: Custo total | F97: Base de cálculo | G97: Percentual de desconto | H97: =H89 -> Valor desconto | I97: Custo efetivo
A98: =I15 -> 27.15 | C98: =I16 -> 22 | D98: 1 | E98: =A98*C98*D98 -> 597.3 | F98: =E98 -> 597.3 | G98: =I17 -> 0.19 | H98: =F98*G98 -> 113.487 | I98: =E98-H98 -> 483.813
A100: TOTAL DO MONTANTE A (I + II + III+ IV + V +VI) | H100: =H41+H78+H86 -> 2.4787596 | I100: =I41+I78+I86 -> 2785.4542
A102: MONTANTE B
A103: I | B103: Despesas Diretas | H103: % | I103: Valor Mensal/unidade de serviço (R$)
A104: 1 | B104: Transporte (6) | H104: =I104/$I$115 -> 0
A105: 2 | B105: Uniformes | H105: =I105/$I$115 -> 0.00042311172 | I105: 1.05
A106: 3 | B106: Seguro de vida | H106: =I106/$I$115 -> 0.0050209258 | I106: 12.46
A107: 4 | B107: Equipamentos/EPI (6a) | H107: =I107/$I$115 -> 0.00052385261 | I107: 1.3
A108: 5 | B108: Mobilização (7) | H108: =I108/$I$115 -> 0.004432599 | I108: 11
A109: 6 | B109: Outros (especificar) | H109: =I109/$I$115 -> 0
A110: Total de Despesas Diretas | H110: =H104+H105+H106+H107+H108+H109 -> 0.010400489 | I110: =IF(SUM(I104:I109)<G113,SUM(I104:I109),"Excede Limite") -> 25.81
...

Sheet Aux. de Limpeza Urbana 40h
A1: PLANILHA DE CUSTOS E FORMAÇÃO DE PREÇOS DE SERVIÇOS CONTINUADOS COM DEDICAÇÃO EXCLUSIVA DE MÃO DE OBRA
A2: PROCESSO: | C2: 16150/26 | E2: REGIME DE TRIBUTAÇÃO: LUCRO PRESUMIDO
A3: LICITAÇÃO/EDITAL | C3: PE/59/2026 | E3: ABERTURA: | F3: 46314
A5: Cargo/Função: | D5: Auxiliar de Limpeza Urbana (5142) | G5: =IF(D6="12x36","Regime de trabalho:","Quantidade de HORAS/MÊS") -> Quantidade de HORAS/MÊS | I5: =IF(D6="12x36",D6,5*D6) -> 200
A6: =IF(D6="12x36","Regime de trabalho:","Regime de trabalho (horas semanais):") -> Regime de trabalho (horas semanais): | D6: 40
A7: Convenção Coletiva de Trabalho: | D7: ='Recepcionista 40h'!D7:F7 -> RS000041/2026 | G7: INSALUBRIDADE (10%, 20%, 40%) | I7: 0.4
A8: Origem do salário: | D8: ='Recepcionista 40h'!D8:F8 -> CONVENÇÃO COLETIVA DE TRABALHO RS000041/2026
A9: Cidade: | D9: Nova Santa Rita | G9: PERICULOSIDADE (30%) | I9: Não aplicável
A10: Salário Normativo | G10: Vlr. do salário e nº de horas correspondentes | H10: 220 | I10: 2082.31
A11: ISS | G11: =D9 -> Nova Santa Rita | H11: Alíquota | I11: 0.02
A12: Tarifa Transporte | G12: CCT | H12: Vr. Unitário | I12: 8
H13: Dias | I13: 22
H14: Desconto | I14: 0.06
A15: Auxílio Alimentação - CLÁUSULA 20ª DA CCT. | G15: CCT | H15: Vr. Unitário | I15: 27.15
H16: Dias | I16: 22
H17: Desconto | I17: 0.19
A18: Auxílio Lanche - CLÁUSULA 21ª DA CCT. | G18: CCT | H18: Vr. Unitário | I18: 13.57
H19: Dias | I19: 0
H20: Desconto | I20: 0.19
A21: PLANO DE BENEFÍCIO SOCIAL FAMILIAR CLÁUSULA 31ª DA CCT. | G21: CCT | H21: Valor mensal | I21: 25.52
A22: PRÊMIO ASSIDUIDADE CLÁUSULA 19ª DA CCT. | G22: CCT | H22: Valor mensal | I22: 80
A23: Adicional de Supervisor (37%) | H23: Porcentagem | I23: Não aplicável
A24: Base de cálculo da insalubridade | H24: Valor | I24: =I32 -> 1893.0091
A25: Quantitativo de horas trabalhadas em feriados no mês (estimado) - Não aplicável para postos 12x36 | H25: Horas por mês | I25: Não aplicável
H26: Acréscimo da hora extra | I26: Não aplicável
A27: Hora Intervalar (somente para postos 12x36, quando for o caso) | H27: Horas por mês | I27: Não aplicável
A28: Sem fornecimento de materiais ou apenas fornecimento de EPIs ou uniformes, utilizar 10%. Com fornecimento de materiais ou equipamentos, utilizar 20%. (Decreto 52.768/2015, alterado pelo Decreto 53.424/2017) | H28: Porcentagem | I28: 0.2
A30: MONTANTE A
A31: I | B31: Remuneração - Grupo I | H31: % | I31: Valor Mensal/unidade de serviço (R$)
A32: 1 | B32: Salário | H32: =I32/$I$41 -> 0.71428571 | I32: =IF(D6="12x36",I10,I10/H10*I5) -> 1893.0091
A33: =A32+1 -> 2 | B33: Adicional Periculosidade 30% (Ver súmulas 364, 132 e 191 do TST) | H33: =I33/$I$41 -> 0 | I33: =IF(I9=30%,I32*I9,0) -> 0
A34: =A33+1 -> 3 | B34: Adicional Insalubridade 10% (Ver súmula 228 e 139 TST) | H34: =I34/$I$41 -> 0 | I34: =IF(I7=10%,I24*I7,0) -> 0
A35: =A34+1 -> 4 | B35: Adicional Insalubridade 20% (Ver súmula 228 e 139 TST) | H35: =I35/$I$41 -> 0 | I35: =IF(I7=20%,I24*I7,0) -> 0
A36: =A35+1 -> 5 | B36: Adicional Insalubridade 40% (Ver súmula 228 e 139 TST) | H36: =I36/$I$41 -> 0.28571429 | I36: =IF(I7=40%,I24*I7,0) -> 757.20364
A37: =A36+1 -> 6 | B37: Adicional de Supervisor (IN 05/2017 MPOG SLTI) | H37: =I37/$I$41 -> 0 | I37: =IF(I23="Não aplicável",0,I32*I23) -> 0
A38: =A37+1 -> 7 | B38: Feriados | H38: =I38/$I$41 -> 0 | I38: =IF(I25="Não aplicável",0,(I32+I33+I34+I35+I36+I37+I40)/I5*I25*(1+I26)) -> 0
A39: =A38+1 -> 8 | B39: DSR = número total das horas extras do mês / número de dias úteis X domingos e feriados do mês X valor da hora extra com acréscimo | H39: =I39/$I$41 -> 0 | I39: =IF(I25="Não aplicável",0,I25/I13*5*(I10/H10*(1+I26))) -> 0
A40: =A39+1 -> 9 | B40: =IF(D6="12x36","Para postos 12x36 os feriados são considerados compensados, conforme parágrafo único, Art. 59-A da CLT","Outros") -> Outros | H40: =I40/$I$41 -> 0 | I40: 0
A41: Total de Remuneração | H41: =SUM(H32:H40) -> 1 | I41: =SUM(I32:I40) -> 2650.2127
A43: II | B43: Encargos Sociais - Grupo II: Obrigações Sociais | H43: % | I43: Valor Mensal/unidade de serviço (R$)
A44: 1 | B44: INSS (art. 22, inc. I, Lei nº 8.212/91) | H44: 0.2 | I44: =$I$41*H44 -> 530.04255
A45: 2 | B45: SESI ou SESC (art. 30, Lei nº 8.036/90) | H45: 0.015 | I45: =$I$41*H45 -> 39.753191
A46: 3 | B46: SENAI ou SENAC (Decreto-Lei nº 2.318/86) | H46: 0.01 | I46: =$I$41*H46 -> 26.502127
A47: 4 | B47: INCRA (art. 15I, Lei Complementar nº 011/71) | H47: 0.002 | I47: =$I$41*H47 -> 5.3004255
A48: 5 | B48: SALÁRIO EDUCAÇÃO (art. , inc. I, Decreto nº 87.043/82) | H48: 0.025 | I48: =$I$41*H48 -> 66.255318
A49: 6 | B49: FGTS (art. 15, Lei nº 8.036/90) | H49: 0.08 | I49: =$I$41*H49 -> 212.01702
A50: 7 | B50: SEG. ACIDENTE DO TRABALHO 1%, 2% e 3% (art. 22, inc. II, alíneas "b" e "c", da Lei nº 8.212/91) | H50: 0.03 | I50: =$I$41*H50 -> 79.506382
A51: 8 | B51: SEBRAE (§ 3º, art. 8º, Lei nº 8.029/90) | H51: 0.006 | I51: =$I$41*H51 -> 15.901276
A52: Total do Grupo II | H52: =SUM(H44:H51) -> 0.368 | I52: =SUM(I44:I51) -> 975.27828
A53: Os percentuais para o SAT podem variar de 0,50% a 6,00% em função do Fator de Acidente Previdenciário (FAP), Decreto nº 6.957/2009
A54: Deverá obrigatoriamente acompanhar a proposta de preços e a planilha de custos e formação de preços a prova do Fator Acidentário de Prevenção – FAP por meio de impressão de consulta ao site do Ministério da Previdência Social (que pode ser obtido no endereço eletrônico http://www2.dataprev.gov.br/fap/fap.htm), independentemente de alteração da alíquota da parcela do Seguro Acidente de Trabalho disposta no Quadro II da referida planilha.
A55: III | B55: Encargos Sociais - Grupo III: Tempo Não Trabalhado | H55: % | I55: Valor Mensal/unidade de serviço (R$)
A56: 1.a | B56: FÉRIAS GOZADAS + ADICIONAL DE FÉRIAS | H56: 0.111111 | I56: =$I$41*H56 -> 294.46779
A57: 1.b | B57: SUBSTITUTO NA COBERTURA DE FÉRIAS | H57: 0.009259 | I57: =$I$41*H57 -> 24.53832
A58: 2 | B58: FALTAS ABONADAS (3) | H58: 0.000356 | I58: =$I$41*H58 -> 0.94347573
A59: 3 | B59: FALTAS LEGAIS (4) | H59: 0.000356 | I59: =$I$41*H59 -> 0.94347573
A60: 4 | B60: LICENÇA MATERNIDADE | H60: 0.000389 | I60: =$I$41*H60 -> 1.0309328
A61: 5 | B61: LICENÇA PATERNIDADE | H61: 0.000194 | I61: =$I$41*H61 -> 0.51414127
A62: 6 | B62: ACIDENTE DE TRABALHO | H62: 0.000325 | I62: =$I$41*H62 -> 0.86131914
A63: 7 | B63: AVISO PRÉVIO TRABALHADO | H63: 0.000185 | I63: =$I$41*H63 -> 0.49028935
A64: 8 | B64: 13º SALÁRIO | H64: 0.083333 | I64: =$I$41*H64 -> 220.85018
A65: Total do Grupo III | H65: =SUM(H56:H64) -> 0.205508 | I65: =SUM(I56:I64) -> 544.63992
A66: (3) | B66: Faltas Justificadas por Auxílio Doença
A67: (4) | B67: Faltas Legais - Art. 473 CLT
A68: IV | B68: Encargos Sociais - Grupo IV: Indenizações | H68: % | I68: Valor Mensal/unidade de serviço (R$)
A69: 1 | B69: INDENIZAÇÕES | H69: 0.023627 | I69: =$I$41*H69 -> 62.616576
A70: 2 | B70: FGTS SOBRE INDENIZAÇÕES | H70: 0.001717 | I70: =$I$41*H70 -> 4.5504153
A71: 3 | B71: INDENIZAÇÃO COMPENSATÓRIA POR DEMISSÃO SEM JUSTA CAUSA | H71: 0.009451 | I71: =$I$41*H71 -> 25.04716
A72: Total do Grupo IV | H72: =SUM(H69:H71) -> 0.034795 | I72: =SUM(I69:I71) -> 92.214152
A74: V | B74: Encargos Sociais - Grupo V: Incidências | H74: % | I74: Valor Mensal/unidade de serviço (R$)
A75: 1 | B75: INCIDÊNCIA GRUPO II (Obrigações Sociais) X GRUPO III (Tempo Não Trabalhado) | H75: =(H52*H65) -> 0.075626944 | I75: =$I$41*H75 -> 200.42749
A76: Total do Grupo V | H76: =SUM(H75:H75) -> 0.075626944 | I76: =I75 -> 200.42749
A78: TOTAL DOS ENCAGOS SOCIAIS (II + III + IV + V) | H78: =H52+H65+H72+H76 -> 0.68392994 | I78: =I52+I65+I72+I76 -> 1812.5598
A80: VI | B80: Demais custos relativos à Norma Coletiva ou Disposições Legais - Grupo VI | H80: % | I80: Valor Mensal/unidade de serviço (R$)
A81: 1 | B81: Auxílio Alimentação | H81: =I81/$I$41 -> 0.18255629 | I81: =I98 -> 483.813
A82: 2 | B82: Auxílio Lanche | H82: =I82/$I$41 -> 0 | I82: =I94 -> 0
A83: 3 | B83: Vale-Transporte⁽⁵⁾ | H83: =I83/$I$41 -> 0.089962384 | I83: =I90 -> 238.41945
A84: 4 | B84: Adicional Intervalar | H84: =I84/$I$41 -> 0 | I84: =IF(I27="Não aplicável",0,((I10/H10)*1.5*I27)) -> 0
A85: 5 | B85: Outros | H85: =I85/$I$41 -> 0.039815672 | I85: =IF(I21="Não aplicável",0,I21)+IF(I22="Não aplicável",0,I22) -> 105.52
A86: Total do Grupo VI | H86: =SUM(H81:H85) -> 0.31233434 | I86: =SUM(I81:I85) -> 827.75245
A87: (5) | B87: O valor do vale-transporte pode variar de acordo com o modal fornecido pelo empregador.
A88: MEMÓRIA DE CÁLCULO DO VALE TRANSPORTE
A89: Valor Unitário | C89: Dias de Trabalho | D89: Vale p/dia | E89: Custo total | F89: Base de cálculo | G89: Percentual de desconto | H89: Valor desconto | I89: Custo efetivo
A90: =I12 -> 8 | C90: =I13 -> 22 | D90: 2 | E90: =A90*C90*D90 -> 352 | F90: =I32 -> 1893.0091 | G90: =I14 -> 0.06 | H90: =F90*G90 -> 113.58055 | I90: =IF((E90-H90)>0,E90-H90,0) -> 238.41945
A92: MEMÓRIA DE CÁLCULO DO VALE LANCHE
A93: Valor Unitário | C93: Dias por mês | D93: Vale p/dia | E93: Custo total | F93: Base de cálculo | G93: Percentual de desconto | H93: Valor desconto | I93: Custo efetivo
A94: =I18 -> 13.57 | C94: =I19 -> 0 | D94: 1 | E94: =A94*C94*D94 -> 0 | F94: =E94 -> 0 | G94: =I20 -> 0.19 | H94: =F94*G94 -> 0 | I94: =E94-H94 -> 0
A96: MEMÓRIA DE CÁLCULO DO VALE ALIMENTAÇÃO
A97: Valor Unitário | C97: Dias por mês | D97: Vale p/dia | E97: Custo total | F97: Base de cálculo | G97: Percentual de desconto | H97: =H89 -> Valor desconto | I97: Custo efetivo
A98: =I15 -> 27.15 | C98: =I16 -> 22 | D98: 1 | E98: =A98*C98*D98 -> 597.3 | F98: =E98 -> 597.3 | G98: =I17 -> 0.19 | H98: =F98*G98 -> 113.487 | I98: =E98-H98 -> 483.813
A100: TOTAL DO MONTANTE A (I + II + III+ IV + V +VI) | H100: =H41+H78+H86 -> 1.9962643 | I100: =I41+I78+I86 -> 5290.525
A102: MONTANTE B
A103: I | B103: Despesas Diretas | H103: % | I103: Valor Mensal/unidade de serviço (R$)
A104: 1 | B104: Transporte (6) | H104: =I104/$I$115 -> 0
A105: 2 | B105: Uniformes | H105: =I105/$I$115 -> 0.00020783414 | I105: 1.05
A106: 3 | B106: Seguro de vida | H106: =I106/$I$115 -> 0.0058173765 | I106: 29.39
A107: 4 | B107: Equipamentos/EPI (6a) | H107: =I107/$I$115 -> 0.00025731846 | I107: 1.3
A108: 5 | B108: Mobilização (7) | H108: =I108/$I$115 -> 0.00217731 | I108: 11
A109: 6 | B109: Outros (especificar) | H109: =I109/$I$115 -> 0
A110: Total de Despesas Diretas | H110: =H104+H105+H106+H107+H108+H109 -> 0.0084598391 | I110: =IF(SUM(I104:I109)<G113,SUM(I104:I109),"Excede Limite") -> 42.74
...

Sheet Supervisor 40h
A1: PLANILHA DE CUSTOS E FORMAÇÃO DE PREÇOS DE SERVIÇOS CONTINUADOS COM DEDICAÇÃO EXCLUSIVA DE MÃO DE OBRA
A2: PROCESSO: | C2: 16150/26 | E2: REGIME DE TRIBUTAÇÃO: LUCRO PRESUMIDO
A3: LICITAÇÃO/EDITAL | C3: PE/59/2026 | E3: ABERTURA: | F3: 46314
A5: Cargo/Função: | D5: Supervisor (4110) | G5: =IF(D6="12x36","Regime de trabalho:","Quantidade de HORAS/MÊS") -> Quantidade de HORAS/MÊS | I5: =IF(D6="12x36",D6,5*D6) -> 200
A6: =IF(D6="12x36","Regime de trabalho:","Regime de trabalho (horas semanais):") -> Regime de trabalho (horas semanais): | D6: 40
A7: Convenção Coletiva de Trabalho: | D7: ='Recepcionista 40h'!D7:F7 -> RS000041/2026 | G7: INSALUBRIDADE (10%, 20%, 40%) | I7: 0
A8: Origem do salário: | D8: ='Recepcionista 40h'!D8:F8 -> CONVENÇÃO COLETIVA DE TRABALHO RS000041/2026
A9: Cidade: | D9: Nova Santa Rita | G9: PERICULOSIDADE (30%) | I9: Não aplicável
A10: Salário Normativo | G10: Vlr. do salário e nº de horas correspondentes | H10: 220 | I10: 2307.83
A11: ISS | G11: =D9 -> Nova Santa Rita | H11: Alíquota | I11: 0.02
A12: Tarifa Transporte | G12: CCT | H12: Vr. Unitário | I12: 8
H13: Dias | I13: 22
H14: Desconto | I14: 0.06
A15: Auxílio Alimentação - CLÁUSULA 20ª DA CCT. | G15: CCT | H15: Vr. Unitário | I15: 27.15
H16: Dias | I16: 22
H17: Desconto | I17: 0.19
A18: Auxílio Lanche - CLÁUSULA 21ª DA CCT. | G18: CCT | H18: Vr. Unitário | I18: 13.57
H19: Dias | I19: 0
H20: Desconto | I20: 0.19
A21: PLANO DE BENEFÍCIO SOCIAL FAMILIAR CLÁUSULA 31ª DA CCT. | G21: CCT | H21: Valor mensal | I21: 25.52
A22: PRÊMIO ASSIDUIDADE CLÁUSULA 19ª DA CCT. | G22: CCT | H22: Valor mensal | I22: 80
A23: Adicional de Supervisor | H23: Porcentagem | I23: 0
A24: Base de cálculo da insalubridade | H24: Valor | I24: =I32 -> 2098.0273
A25: Quantitativo de horas trabalhadas em feriados no mês (estimado) - Não aplicável para postos 12x36 | H25: Horas por mês | I25: Não aplicável
H26: Acréscimo da hora extra | I26: Não aplicável
A27: Hora Intervalar (somente para postos 12x36, quando for o caso) | H27: Horas por mês | I27: Não aplicável
A28: Sem fornecimento de materiais ou apenas fornecimento de EPIs ou uniformes, utilizar 10%. Com fornecimento de materiais ou equipamentos, utilizar 20%. (Decreto 52.768/2015, alterado pelo Decreto 53.424/2017) | H28: Porcentagem | I28: 0.2
A30: MONTANTE A
A31: I | B31: Remuneração - Grupo I | H31: % | I31: Valor Mensal/unidade de serviço (R$)
A32: 1 | B32: Salário | H32: =I32/$I$41 -> 1 | I32: =IF(D6="12x36",I10,I10/H10*I5) -> 2098.0273
A33: =A32+1 -> 2 | B33: Adicional Periculosidade 30% (Ver súmulas 364, 132 e 191 do TST) | H33: =I33/$I$41 -> 0 | I33: =IF(I9=30%,I32*I9,0) -> 0
A34: =A33+1 -> 3 | B34: Adicional Insalubridade 10% (Ver súmula 228 e 139 TST) | H34: =I34/$I$41 -> 0 | I34: =IF(I7=10%,I24*I7,0) -> 0
A35: =A34+1 -> 4 | B35: Adicional Insalubridade 20% (Ver súmula 228 e 139 TST) | H35: =I35/$I$41 -> 0 | I35: =IF(I7=20%,I24*I7,0) -> 0
A36: =A35+1 -> 5 | B36: Adicional Insalubridade 40% (Ver súmula 228 e 139 TST) | H36: =I36/$I$41 -> 0 | I36: =IF(I7=40%,I24*I7,0) -> 0
A37: =A36+1 -> 6 | B37: Adicional de Supervisor (IN 05/2017 MPOG SLTI) | H37: =I37/$I$41 -> 0 | I37: =IF(I23="Não aplicável",0,I32*I23) -> 0
A38: =A37+1 -> 7 | B38: Feriados | H38: =I38/$I$41 -> 0 | I38: =IF(I25="Não aplicável",0,(I32+I33+I34+I35+I36+I37+I40)/I5*I25*(1+I26)) -> 0
A39: =A38+1 -> 8 | B39: DSR = número total das horas extras do mês / número de dias úteis X domingos e feriados do mês X valor da hora extra com acréscimo | H39: =I39/$I$41 -> 0 | I39: =IF(I25="Não aplicável",0,I25/I13*5*(I10/H10*(1+I26))) -> 0
A40: =A39+1 -> 9 | B40: =IF(D6="12x36","Para postos 12x36 os feriados são considerados compensados, conforme parágrafo único, Art. 59-A da CLT","Outros") -> Outros | H40: =I40/$I$41 -> 0 | I40: 0
A41: Total de Remuneração | H41: =SUM(H32:H40) -> 1 | I41: =SUM(I32:I40) -> 2098.0273
A43: II | B43: Encargos Sociais - Grupo II: Obrigações Sociais | H43: % | I43: Valor Mensal/unidade de serviço (R$)
A44: 1 | B44: INSS (art. 22, inc. I, Lei nº 8.212/91) | H44: 0.2 | I44: =$I$41*H44 -> 419.60545
A45: 2 | B45: SESI ou SESC (art. 30, Lei nº 8.036/90) | H45: 0.015 | I45: =$I$41*H45 -> 31.470409
A46: 3 | B46: SENAI ou SENAC (Decreto-Lei nº 2.318/86) | H46: 0.01 | I46: =$I$41*H46 -> 20.980273
A47: 4 | B47: INCRA (art. 15I, Lei Complementar nº 011/71) | H47: 0.002 | I47: =$I$41*H47 -> 4.1960545
A48: 5 | B48: SALÁRIO EDUCAÇÃO (art. , inc. I, Decreto nº 87.043/82) | H48: 0.025 | I48: =$I$41*H48 -> 52.450682
A49: 6 | B49: FGTS (art. 15, Lei nº 8.036/90) | H49: 0.08 | I49: =$I$41*H49 -> 167.84218
A50: 7 | B50: SEG. ACIDENTE DO TRABALHO 1%, 2% e 3% (art. 22, inc. II, alíneas "b" e "c", da Lei nº 8.212/91) | H50: 0.03 | I50: =$I$41*H50 -> 62.940818
A51: 8 | B51: SEBRAE (§ 3º, art. 8º, Lei nº 8.029/90) | H51: 0.006 | I51: =$I$41*H51 -> 12.588164
A52: Total do Grupo II | H52: =SUM(H44:H51) -> 0.368 | I52: =SUM(I44:I51) -> 772.07404
A53: Os percentuais para o SAT podem variar de 0,50% a 6,00% em função do Fator de Acidente Previdenciário (FAP), Decreto nº 6.957/2009
A54: Deverá obrigatoriamente acompanhar a proposta de preços e a planilha de custos e formação de preços a prova do Fator Acidentário de Prevenção – FAP por meio de impressão de consulta ao site do Ministério da Previdência Social (que pode ser obtido no endereço eletrônico http://www2.dataprev.gov.br/fap/fap.htm), independentemente de alteração da alíquota da parcela do Seguro Acidente de Trabalho disposta no Quadro II da referida planilha.
A55: III | B55: Encargos Sociais - Grupo III: Tempo Não Trabalhado | H55: % | I55: Valor Mensal/unidade de serviço (R$)
A56: 1.a | B56: FÉRIAS GOZADAS + ADICIONAL DE FÉRIAS | H56: 0.111111 | I56: =$I$41*H56 -> 233.11391
A57: 1.b | B57: SUBSTITUTO NA COBERTURA DE FÉRIAS | H57: 0.009259 | I57: =$I$41*H57 -> 19.425635
A58: 2 | B58: FALTAS ABONADAS (3) | H58: 0.000356 | I58: =$I$41*H58 -> 0.74689771
A59: 3 | B59: FALTAS LEGAIS (4) | H59: 0.000356 | I59: =$I$41*H59 -> 0.74689771
A60: 4 | B60: LICENÇA MATERNIDADE | H60: 0.000389 | I60: =$I$41*H60 -> 0.81613261
A61: 5 | B61: LICENÇA PATERNIDADE | H61: 0.000194 | I61: =$I$41*H61 -> 0.40701729
A62: 6 | B62: ACIDENTE DE TRABALHO | H62: 0.000325 | I62: =$I$41*H62 -> 0.68185886
A63: 7 | B63: AVISO PRÉVIO TRABALHADO | H63: 0.000185 | I63: =$I$41*H63 -> 0.38813505
A64: 8 | B64: 13º SALÁRIO | H64: 0.083333 | I64: =$I$41*H64 -> 174.83491
A65: Total do Grupo III | H65: =SUM(H56:H64) -> 0.205508 | I65: =SUM(I56:I64) -> 431.16139
A66: (3) | B66: Faltas Justificadas por Auxílio Doença
A67: (4) | B67: Faltas Legais - Art. 473 CLT
A68: IV | B68: Encargos Sociais - Grupo IV: Indenizações | H68: % | I68: Valor Mensal/unidade de serviço (R$)
A69: 1 | B69: INDENIZAÇÕES | H69: 0.023627 | I69: =$I$41*H69 -> 49.57009
A70: 2 | B70: FGTS SOBRE INDENIZAÇÕES | H70: 0.001717 | I70: =$I$41*H70 -> 3.6023128
A71: 3 | B71: INDENIZAÇÃO COMPENSATÓRIA POR DEMISSÃO SEM JUSTA CAUSA | H71: 0.009451 | I71: =$I$41*H71 -> 19.828456
A72: Total do Grupo IV | H72: =SUM(H69:H71) -> 0.034795 | I72: =SUM(I69:I71) -> 73.000859
A74: V | B74: Encargos Sociais - Grupo V: Incidências | H74: % | I74: Valor Mensal/unidade de serviço (R$)
A75: 1 | B75: INCIDÊNCIA GRUPO II (Obrigações Sociais) X GRUPO III (Tempo Não Trabalhado) | H75: =(H52*H65) -> 0.075626944 | I75: =$I$41*H75 -> 158.66739
A76: Total do Grupo V | H76: =SUM(H75:H75) -> 0.075626944 | I76: =I75 -> 158.66739
A78: TOTAL DOS ENCAGOS SOCIAIS (II + III + IV + V) | H78: =H52+H65+H72+H76 -> 0.68392994 | I78: =I52+I65+I72+I76 -> 1434.9037
A80: VI | B80: Demais custos relativos à Norma Coletiva ou Disposições Legais - Grupo VI | H80: % | I80: Valor Mensal/unidade de serviço (R$)
A81: 1 | B81: Auxílio Alimentação | H81: =I81/$I$41 -> 0.23060377 | I81: =I98 -> 483.813
A82: 2 | B82: Auxílio Lanche | H82: =I82/$I$41 -> 0 | I82: =I94 -> 0
A83: 3 | B83: Vale-Transporte⁽⁵⁾ | H83: =I83/$I$41 -> 0.10777666 | I83: =I90 -> 226.11836
A84: 4 | B84: Adicional Intervalar | H84: =I84/$I$41 -> 0 | I84: =IF(I27="Não aplicável",0,((I10/H10)*1.5*I27)) -> 0
A85: 5 | B85: Outros | H85: =I85/$I$41 -> 0.050294866 | I85: =IF(I21="Não aplicável",0,I21)+IF(I22="Não aplicável",0,I22) -> 105.52
A86: Total do Grupo VI | H86: =SUM(H81:H85) -> 0.38867529 | I86: =SUM(I81:I85) -> 815.45136
A87: (5) | B87: O valor do vale-transporte pode variar de acordo com o modal fornecido pelo empregador.
A88: MEMÓRIA DE CÁLCULO DO VALE TRANSPORTE
A89: Valor Unitário | C89: Dias de Trabalho | D89: Vale p/dia | E89: Custo total | F89: Base de cálculo | G89: Percentual de desconto | H89: Valor desconto | I89: Custo efetivo
A90: =I12 -> 8 | C90: =I13 -> 22 | D90: 2 | E90: =A90*C90*D90 -> 352 | F90: =I32 -> 2098.0273 | G90: =I14 -> 0.06 | H90: =F90*G90 -> 125.88164 | I90: =IF((E90-H90)>0,E90-H90,0) -> 226.11836
A92: MEMÓRIA DE CÁLCULO DO VALE LANCHE
A93: Valor Unitário | C93: Dias por mês | D93: Vale p/dia | E93: Custo total | F93: Base de cálculo | G93: Percentual de desconto | H93: Valor desconto | I93: Custo efetivo
A94: =I18 -> 13.57 | C94: =I19 -> 0 | D94: 1 | E94: =A94*C94*D94 -> 0 | F94: =E94 -> 0 | G94: =I20 -> 0.19 | H94: =F94*G94 -> 0 | I94: =E94-H94 -> 0
A96: MEMÓRIA DE CÁLCULO DO VALE ALIMENTAÇÃO
A97: Valor Unitário | C97: Dias por mês | D97: Vale p/dia | E97: Custo total | F97: Base de cálculo | G97: Percentual de desconto | H97: =H89 -> Valor desconto | I97: Custo efetivo
A98: =I15 -> 27.15 | C98: =I16 -> 22 | D98: 1 | E98: =A98*C98*D98 -> 597.3 | F98: =E98 -> 597.3 | G98: =I17 -> 0.19 | H98: =F98*G98 -> 113.487 | I98: =E98-H98 -> 483.813
A100: TOTAL DO MONTANTE A (I + II + III+ IV + V +VI) | H100: =H41+H78+H86 -> 2.0726052 | I100: =I41+I78+I86 -> 4348.3823
A102: MONTANTE B
A103: I | B103: Despesas Diretas | H103: % | I103: Valor Mensal/unidade de serviço (R$)
A104: 1 | B104: Transporte (6) | H104: =I104/$I$115 -> 0
A105: 2 | B105: Uniformes | H105: =I105/$I$115 -> 0.0002547144 | I105: 1.05
A106: 3 | B106: Seguro de vida | H106: =I106/$I$115 -> 0.0056425305 | I106: 23.26
A107: 4 | B107: Equipamentos/EPI (6a) | H107: =I107/$I$115 -> 0.00031536069 | I107: 1.3
A108: 5 | B108: Mobilização (7) | H108: =I108/$I$115 -> 0.0026684366 | I108: 11
A109: 6 | B109: Outros (especificar) | H109: =I109/$I$115 -> 0
A110: Total de Despesas Diretas | H110: =H104+H105+H106+H107+H108+H109 -> 0.0088810422 | I110: =IF(SUM(I104:I109)<G113,SUM(I104:I109),"Excede Limite") -> 36.61
...

Sheet Resumo
A1: Quadro Resumo Mensal - VALOR DE REFERÊNCIA | J1: Quadro Resumo Mensal - VALORES MÍNIMOS
A2: Função | B2: Cidade | C2: Carga Horária | D2: Dias da semana | E2: Valor Unitário | F2: Nº de Funcionários | G2: Valor Total Mensal | H2: Valor Total Anual | J2: Valor Unitário | K2: Nº de Postos | L2: Valor Total Mensal | M2: Valor Total Anual | O2: 0.075 | Q2: 0.9435
A3: Recepcionista c/ Insalubridade | B3: Nova Santa Rita | C3: 40h | D3: seg a sex | E3: =ROUND('Recepcionista 40h'!I175,2) -> 5159.39 | F3: 13 | G3: =F3*E3 -> 67072.07 | H3: =G3*12 -> 804864.84 | J3: =('Recepcionista 40h'!A144-S3)/Q2 -> 4769.3964 | K3: =F3 -> 13 | L3: =K3*J3 -> 62002.153 | M3: =L3*12 -> 744025.83 | O3: ='Recepcionista 40h'!I124 -> 319.26 | P3: =O3*K3 -> 4150.38 | S3: ='Recepcionista 40h'!M1 -> 0
A4: Recepcionista s/ Insalubridade | B4: Nova Santa Rita | C4: 40h | D4: seg a sex | E4: =ROUND('Recepcionista 40h sem insalubr'!I175,2) -> 4458.68 | F4: 10 | G4: =F4*E4 -> 44586.8 | H4: =G4*12 -> 535041.6 | J4: =('Recepcionista 40h sem insalubr'!A144-S4)/Q2 -> 4121.5445 | K4: =F4 -> 10 | L4: =K4*J4 -> 41215.445 | M4: =L4*12 -> 494585.34 | O4: ='Recepcionista 40h sem insalubr'!I124 -> 273.418 | P4: =O4*K4 -> 2734.18 | S4: ='Recepcionista 40h sem insalubr'!M1 -> 0
A5: Recepcionsta 12x36h Diurno | B5: Nova Santa Rita | C5: 12x36 | D5: seg a dom | E5: =ROUND('Recepcionsta 12x36h Diurno'!I170,2)/2 -> 5506.81 | F5: 2 | G5: =F5*E5 -> 11013.62 | H5: =G5*12 -> 132163.44 | J5: =('Recepcionsta 12x36h Diurno'!A142-S5)/Q2 -> 5081.1082 | K5: =F5 -> 2 | L5: =K5*J5 -> 10162.216 | M5: =L5*12 -> 121946.6 | O5: ='Recepcionsta 12x36h Diurno'!I122 -> 350.538 | P5: =O5*K5 -> 701.076 | S5: ='Recepcionsta 12x36h Diurno'!M1 -> 0
A6: Recepcionsta 12x36h Noturno | B6: Nova Santa Rita | C6: 12x36 | D6: seg a dom | E6: =ROUND('Recepcionsta 12x36h Noturno'!I179,2)/2 -> 6146.46 | F6: 2 | G6: =F6*E6 -> 12292.92 | H6: =G6*12 -> 147515.04 | J6: =('Recepcionsta 12x36h Noturno'!A149-S6)/Q2 -> 5672.505 | K6: =F6 -> 2 | L6: =K6*J6 -> 11345.01 | M6: =L6*12 -> 136140.12 | O6: ='Recepcionsta 12x36h Noturno'!I129 -> 392.385 | P6: =O6*K6 -> 784.77 | S6: ='Recepcionsta 12x36h Noturno'!M1 -> 0
A7: Auxiliar de Limpeza 40h | B7: Nova Santa Rita | C7: 40h | D7: seg a sex | E7: =ROUND('Auxiliar de Limpeza 40h'!I175,2) -> 5306.93 | F7: 68 | G7: =F7*E7 -> 360871.24 | H7: =G7*12 -> 4330454.9 | J7: =('Auxiliar de Limpeza 40h'!A144-S7)/Q2 -> 4906.8103 | K7: =F7 -> 68 | L7: =K7*J7 -> 333663.1 | M7: =L7*12 -> 4003957.2 | O7: ='Auxiliar de Limpeza 40h'!I124 -> 328.04 | P7: =O7*K7 -> 22306.72 | S7: ='Auxiliar de Limpeza 40h'!M1 -> 0
A8: Auxiliar de Limpeza 20h | B8: Nova Santa Rita | C8: 20h | D8: seg a sex | E8: =ROUND('Auxiliar de Limpeza 20h'!I175,2) -> 3188.75 | F8: 1 | G8: =F8*E8 -> 3188.75 | H8: =G8*12 -> 38265 | J8: =('Auxiliar de Limpeza 20h'!A144-S7)/Q2 -> 2952.2568 | K8: =F8 -> 1 | L8: =K8*J8 -> 2952.2568 | M8: =L8*12 -> 35427.081 | O8: ='Auxiliar de Limpeza 20h'!I124 -> 186.12 | P8: =O8*K8 -> 186.12 | S8: ='Auxiliar de Limpeza 20h'!M1 -> 0
A9: Auxiliar de Limpeza Urbana | B9: Nova Santa Rita | C9: 40h | D9: seg a sex | E9: =ROUND('Aux. de Limpeza Urbana 40h'!I175,2) -> 6066.11 | F9: 10 | G9: =F9*E9 -> 60661.1 | H9: =G9*12 -> 727933.2 | J9: =('Aux. de Limpeza Urbana 40h'!A144-S9)/Q2 -> 5607.3397 | K9: =F9 -> 10 | L9: =K9*J9 -> 56073.397 | M9: =L9*12 -> 672880.77 | O9: ='Aux. de Limpeza Urbana 40h'!I124 -> 378.91 | P9: =O9*K9 -> 3789.1 | S9: ='Aux. de Limpeza Urbana 40h'!M1 -> 0
A10: Supervisor | B10: Nova Santa Rita | C10: 40h | D10: seg a sex | E10: =ROUND('Supervisor 40h'!I175,2) -> 4987.14 | F10: 1 | G10: =F10*E10 -> 4987.14 | H10: =G10*12 -> 59845.68 | J10: =('Supervisor 40h'!A144-S10)/Q2 -> 4608.7783 | K10: =F10 -> 1 | L10: =K10*J10 -> 4608.7783 | M10: =L10*12 -> 55305.339 | O10: ='Supervisor 40h'!I124 -> 309.17 | P10: =O10*K10 -> 309.17 | S10: ='Supervisor 40h'!M1 -> 0
A11: Aux Limpeza 12x36h Diurno | B11: Nova Santa Rita | C11: 12x36 | D11: seg a dom | E11: =ROUND('Aux. Limpeza 12x36h Diurno'!I170,2)/2 -> 5642.23 | F11: 4 | G11: =F11*E11 -> 22568.92 | H11: =G11*12 -> 270827.04 | K11: =F11 -> 4
A12: Aux Limpeza 12x36h Noturno | B12: Nova Santa Rita | C12: 12x36 | D12: seg a dom | E12: =ROUND('Aux. Limpeza 12x36h Noturno'!I179,2)/2 -> 6210.53 | F12: 4 | G12: =F12*E12 -> 24842.12 | H12: =G12*12 -> 298105.44 | K12: =F12 -> 4
A13: TOTAL | F13: =SUM(F3:F12) -> 115 | G13: =SUM(G3:G12) -> 612084.68 | H13: =SUM(H3:H12) -> 7345016.2 | K13: =SUM(K3:K10) -> 107 | L13: =SUM(L3:L10) -> 522022.36 | M13: =SUM(M3:M10) -> 6264268.3 | P13: =SUM(P3:P10) -> 34961.516
